Workbook

Sheet institutions
A1: ID | B1: name EN | C1: name UA | D1: web | E1: Supervisory or management board | F1: Explanation for salaries
A2: 1 | B2: State Tax Service of Ukraine | C2: Державна податкова служба України | D2: https://tax.gov.ua/ | E2: No supervisory or management board | F2: Відмова через те, що інформація є непублічною По податкових деклараціях відслідкувати заробітну плату отриману у ДПС неможна, оскільки керівник та заступники мінялися протягом 2020 року. А про інших працівників на сайті ДПС немає відомостей
A3: 2 | B3: State Fiscal Service of Ukraine | C3: Державна фіскальна служба України | D3: http://sfs.gov.ua/ | E3: No supervisory or management board
A4: 3 | B4: State Customs Service of Ukraine | C4: Державна митна служба України | D4: https://customs.gov.ua/ | E4: No supervisory or management board | F4: Відповідь ДМС - планова середньомісячна заробітна плата у 2019-2020 рр складає 35000 грн. Заробітну плату отриману у ДМС неможна відслідкувати за поданими деклараціями керівників, оскільки керівник та заступники мінялися протягом 2019-2020 років.
A5: 4 | B5: Antimonopoly Committee of Ukraine | C5: Антимонопольний комітет України | D5: http://www.amc.gov.ua/ | E5: No supervisory or management board
A6: 5 | B6: National Commission for State Regulation of Energy and Utilities | C6: Національна комісія, що здійснює державне регулювання у сферах енергетики та комунальних послуг | D6: http://www.nerc.gov.ua/ | E6: No supervisory or management board
A7: 6 | B7: National Agency on Corruption Prevention | C7: Національне агентство з питань запобігання корупції | D7: https://nazk.gov.ua/ | E7: No supervisory or management board | F7: відмова через те, що інформація є непублічною
A8: 7 | B8: National Anti-corruption Bureau of Ukraine | C8: Національне антикорупційне бюро України | D8: https://nabu.gov.ua/ | E8: No supervisory or management board
A9: 8 | B9: Prosecutor General’s Office | C9: Офіс Генерального прокурора | D9: https://www.gp.gov.ua/ | E9: No supervisory or management board | F9: відмова через те, що інформація є непублічною
A10: 9 | B10: National police of Ukraine | C10: Національна поліція України | D10: https://www.npu.gov.ua/ | E10: No supervisory or management board
A11: 10 | B11: Supreme Court | C11: Верховний Суд | D11: https://supreme.court.gov.ua/ | E11: No supervisory or management board | F11: Не отримала відповіді на запит
A12: 11 | B12: Constitutional Court of Ukraine | C12: Конституційний Суд України | D12: http://www.ccu.gov.ua/ | E12: No supervisory or management board | F12: Стосовно середньої місячної заробітної плати високопосадовців та працівників державного органу в розрізі категорій працівників Конституційного Суду України (далі- Суду) за 2019-2020 роки інформую, іцо підготовка такої статистичної інформації потребує створення нової інформації шляхом пошуку та узагальнення необхідних даних. Закон України „Про доступ до публічної інформації“ не зобов’язує розпорядника інформації до таких дій.
A13: 12 | B13: Ukrainian Parliament Commissioner for Human Rights | C13: Уповноважений Верховної Ради України з прав людини | D13: http://www.ombudsman.gov.ua/ | E13: No supervisory or management board | F13: відмова через те, що інформація є непублічною
A14: 13 | B14: Business Ombudsman Council | C14: Рада бізнес-омбудсмена | D14: https://boi.org.ua/ | E14: No supervisory or management board | F14: Рада бізнес-омбудсмена не є державною організацією. На сайті НАЗК декларації не публікуються
A15: 14 | B15: National Bank of Ukraine | C15: Національний банк України | D15: https://bank.gov.ua/ | E15: The Board of the National Bank is a collegial body | F15: З огляду на вищенаведене, узагальнена інформація щодо середньомісячної заробітної плати Голови Національного банку за 2020 рік, а також інформація щодо середньомісячної заробітної плати заступника Голови Національного банку, членів Правління Національного банку, високопосадовців Національного банку та працівників Національного банку за 2019-2020 роки не може бути надана, оскільки вона не є задокументованою інформацією, враховуючи вимоги Закону «Про доступ до публічної інформації», натомість вимагає створення у відповідь на запит нової інформації та не має статусу публічної інформації в розумінні Закону України «Про доступ до публічної інформації», зокрема статті 1.
A16: 15 | B16: State Property Fund of Ukraine | C16: Фонд державного майна України | D16: http://www.spfu.gov.ua/ | E16: No supervisory or management board
A17: 16 | B17: Pension Fund of Ukraine | C17: Пенсійний фонд України | D17: https://www.pfu.gov.ua/ | E17: Board of the Pension Fund of Ukraine
A18: 17 | B18: National Securities and Stock Market Commission | C18: Національна комісія з цінних паперів та фондових ринків | D18: https://www.nssmc.gov.ua/ | E18: No supervisory or management board

Sheet data
A1: question | E1: max points … mgmt board | G1: source / explanation | I1: institution ID
A2: ID | B2: name EN | C2: name UA | D2: category | E2: without | F2: with | G2: EN | H2: UA | I2: 1 | J2: 2 | K2: 3 | L2: 4 | M2: 5 | N2: 6 | O2: 7 | P2: 8 | Q2: 9 | R2: 10 | S2: 11 | T2: 12 | U2: 13 | V2: 14 | W2: 15 | X2: 16 | Y2: 17
B3: Supervisory or management board? | I3: 0 | J3: 0 | K3: 0 | L3: 0 | M3: 0 | N3: 0 | O3: 0 | P3: 0 | Q3: 0 | R3: 0 | S3: 0 | T3: 0 | U3: 0 | V3: 1 | W3: 0 | X3: 1 | Y3: 0
A4: 1 | B4: The governing body is comprised of multiple persons | C4: Керівний орган складається з декількох осіб | D4: I | E4: 2 | F4: 0 | G4: Legislation of Ukraine | H4: Законодавство України | I4: 0 | J4: 0 | K4: 0 | L4: 0 | M4: 0 | N4: 0 | O4: 0 | P4: 0 | Q4: 0 | R4: 0 | S4: 0 | T4: 0 | U4: 0 | V4: NULL | W4: 0 | X4: NULL | Y4: 0
A5: 2 | B5: The Head of the state institution does not participate in the election of board members | C5: Голова Правління державного органу не бере участі у виборах членів правління | D5: I | E5: 0 | F5: 1 | G5: Legislation of Ukraine | H5: Законодавство України | I5: NULL | J5: NULL | K5: NULL | L5: NULL | M5: NULL | N5: NULL | O5: NULL | P5: NULL | Q5: NULL | R5: NULL | S5: NULL | T5: NULL | U5: NULL | V5: 0 | W5: NULL | X5: 0 | Y5: NULL
A6: 3 | B6: An employment contract was not concluded with the Head of the Management Board | C6: З Головою Правління не укладався трудовий договір | D6: I | E6: 0 | F6: 0.5 | G6: Legislation of Ukraine | H6: Законодавство України | I6: NULL | J6: NULL | K6: NULL | L6: NULL | M6: NULL | N6: NULL | O6: NULL | P6: NULL | Q6: NULL | R6: NULL | S6: NULL | T6: NULL | U6: NULL | V6: 0 | W6: NULL | X6: 0.5 | Y6: NULL
A7: 4 | B7: An employment contract was not concluded with the Board members | C7: З Членами Правління не укладались трудові договори | D7: I | E7: 0 | F7: 0.5 | G7: Legislation of Ukraine | H7: Законодавство України | I7: NULL | J7: NULL | K7: NULL | L7: NULL | M7: NULL | N7: NULL | O7: NULL | P7: NULL | Q7: NULL | R7: NULL | S7: NULL | T7: NULL | U7: NULL | V7: 0 | W7: NULL | X7: 0.5 | Y7: NULL
A8: 5 | B8: Members of the governing body are not replaced simultaneously | C8: Члени керівного органу не змінюються одномоментно | D8: I | E8: 1 | F8: 0.5 | G8: Legislation of Ukraine | H8: Законодавство України | I8: 0 | J8: 0 | K8: 0 | L8: 1 | M8: 1 | N8: 0 | O8: 0 | P8: 1 | Q8: 1 | R8: 1 | S8: 0 | T8: 1 | U8: 1 | V8: 0.5 | W8: 0 | X8: 0 | Y8: 0
A9: 6 | B9: Board members are not replaced simultaneously | C9: Члени Правління не змінюються одночасно | D9: I | E9: 0 | F9: 0.5 | G9: Legislation of Ukraine | H9: Законодавство України | I9: NULL | J9: NULL | K9: NULL | L9: NULL | M9: NULL | N9: NULL | O9: NULL | P9: NULL | Q9: NULL | R9: NULL | S9: NULL | T9: NULL | U9: NULL | V9: 0.5 | W9: NULL | X9: 0 | Y9: NULL
A10: 7 | B10: Members of the governing body are appointed in various ways (by several actors) | C10: Члени керівного органу призначаються різними способами (декількома суб’єктами) | D10: I | E10: 1 | F10: 1 | G10: Legislation of Ukraine | H10: Законодавство України | I10: 1 | J10: 1 | K10: 1 | L10: 1 | M10: 0 | N10: 0 | O10: 1 | P10: 1 | Q10: 1 | R10: 0 | S10: 0 | T10: 0 | U10: 0 | V10: 1 | W10: 1 | X10: 1 | Y10: 0
A11: 8 | B11: The head of the state institution is nominated by a collective body | C11: Голова державного органу призначається колективним органом | D11: I | E11: 1 | F11: 0.5 | G11: Legislation of Ukraine | H11: Законодавство України | I11: 1 | J11: 1 | K11: 1 | L11: 1 | M11: 1 | N11: 1 | O11: 1 | P11: 1 | Q11: 1 | R11: 1 | S11: 1 | T11: 1 | U11: 1 | V11: 0.5 | W11: 1 | X11: 0.5 | Y11: 0
A12: 9 | B12: Board members are nominated by a collective body | C12: Члени Правління призначаються колективним органом | D12: I | E12: 0 | F12: 0.5 | G12: Legislation of Ukraine | H12: Законодавство України | I12: NULL | J12: NULL | K12: NULL | L12: NULL | M12: NULL | N12: NULL | O12: NULL | P12: NULL | Q12: NULL | R12: NULL | S12: NULL | T12: NULL | U12: NULL | V12: 0.5 | W12: NULL | X12: 0.5 | Y12: NULL
A13: 10 | B13: Members of the governing body are elected by multiple actors | C13: Члени керівного органу обираються декількома суб'єктами | D13: I | E13: 1 | F13: 0.5 | G13: Legislation of Ukraine | H13: Законодавство України | I13: 0 | J13: 0 | K13: 0 | L13: 0 | M13: 1 | N13: 1 | O13: 0 | P13: 0 | Q13: 0 | R13: 1 | S13: 1 | T13: 1 | U13: 1 | V13: 0 | W13: 0 | X13: 0 | Y13: 0
A14: 11 | B14: Board members are elected by multiple actors | C14: Члени Правління обираються декількома суб'єктами | D14: I | E14: 0 | F14: 0.5 | G14: Legislation of Ukraine | H14: Законодавство України | I14: NULL | J14: NULL | K14: NULL | L14: NULL | M14: NULL | N14: NULL | O14: NULL | P14: NULL | Q14: NULL | R14: NULL | S14: NULL | T14: NULL | U14: NULL | V14: 0 | W14: NULL | X14: 0 | Y14: NULL
A15: 12 | B15: Candidates for the governing body position must meet specific requirements regarding their political independence | C15: Кандидати на посаду керівного органу повинні відповідати конкретним вимогам щодо їх політичної незалежності | D15: I | E15: 1 | F15: 1 | G15: Legislation of Ukraine | H15: Законодавство України | I15: 1 | J15: 1 | K15: 1 | L15: 0 | M15: 1 | N15: 1 | O15: 1 | P15: 1 | Q15: 1 | R15: 1 | S15: 1 | T15: 1 | U15: 1 | V15: 1 | W15: 1 | X15: 0 | Y15: 0
A16: 13 | B16: Members of the governing body are not allowed to hold certain offices after their office term ends | C16: Члени керівного органу не мають права обіймати певні посади після закінчення терміну їх повноважень | D16: I | E16: 1 | F16: 1 | G16: Legislation of Ukraine | H16: Законодавство України | I16: 0 | J16: 0 | K16: 0 | L16: 1 | M16: 1 | N16: 1 | O16: 1 | P16: 1 | Q16: 1 | R16: 0 | S16: 1 | T16: 1 | U16: 0 | V16: 1 | W16: 0 | X16: 1 | Y16: 1
A17: 14 | B17: Term of office of members of the governing body is limited | C17: Строк повноважень членів керівного органу обмежений | D17: I | E17: 1 | F17: 1 | G17: Legislation of Ukraine | H17: Законодавство України | I17: 0 | J17: 0 | K17: 0 | L17: 1 | M17: 1 | N17: 1 | O17: 1 | P17: 1 | Q17: 1 | R17: 0 | S17: 1 | T17: 1 | U17: 0 | V17: 1 | W17: 0 | X17: 1 | Y17: 1
A18: 15 | B18: The same person may not be appointed a member of the governing body for more than two consecutive terms | C18: Одна і та ж особа не може бути призначена членом керівного органу більше, ніж два строки підряд | D18: I | E18: 1 | F18: 1 | G18: Legislation of Ukraine | H18: Законодавство України | I18: 0 | J18: 0 | K18: 0 | L18: 1 | M18: 1 | N18: 1 | O18: 1 | P18: 1 | Q18: 1 | R18: 0 | S18: 1 | T18: 1 | U18: 0 | V18: 1 | W18: 0 | X18: 1 | Y18: 1
A19: 16 | B19: Public hearing is part of the selection process for governing body positions | C19: Громадські слухання є частиною процесу відбору керівних посад | D19: I | E19: 1 | F19: 1 | G19: Legislation of Ukraine | H19: Законодавство України | I19: 0 | J19: 0 | K19: 0 | L19: 0 | M19: 0 | N19: 1 | O19: 1 | P19: 0 | Q19: 1 | R19: 1 | S19: 0 | T19: 1 | U19: 0 | V19: 1 | W19: 1 | X19: 1 | Y19: 0
A20: 17 | B20: CVs of members of the governing body are publicly available | C20: Резюме членів керівного органу є загальнодоступними | D20: I | E20: 1 | F20: 1 | G20: Official website of the agency, google search, or official information request | H20: Офіційний веб-сайт державного органу, пошук у Google або офіційний запит на інформацію | I20: 1 | J20: 1 | K20: 1 | L20: 1 | M20: 1 | N20: 1 | O20: 1 | P20: 1 | Q20: 1 | R20: 0 | S20: 1 | T20: 1 | U20: 1 | V20: 1 | W20: 1 | X20: 1 | Y20: 1
A21: 18 | B21: Members of the governing body were not politically active 2 years prior to being appointed | C21: Члени керівного органу не були політично активними за два роки до призначення | D21: I | E21: 1 | F21: 1 | G21: Official website of the agency, google search, or official information request | H21: Офіційний веб-сайт державного органу, пошук у Google або офіційний запит на інформацію | I21: 1 | J21: 1 | K21: 1 | L21: 1 | M21: 1 | N21: 1 | O21: 1 | P21: 1 | Q21: 1 | R21: 1 | S21: 0 | T21: 1 | U21: 1 | V21: 1 | W21: 1 | X21: 1 | Y21: 1
A22: 1 | B22: Dismissal of the head of the state institution is possible for reasons related to policy | C22: Звільнення голови державного органу можливе з причин, пов'язаних з політикою | D22: II | E22: 1 | F22: 1 | G22: Legislation of Ukraine | H22: Законодавство України | I22: 1 | J22: 1 | K22: 1 | L22: 0 | M22: 1 | N22: 1 | O22: 1 | P22: 1 | Q22: 1 | R22: 0 | S22: 1 | T22: 0 | U22: 0 | V22: 1 | W22: 0 | X22: 1 | Y22: 1
A23: 2 | B23: Dismissal of the head of the state institution is possible at the discretion of the authorized state institution | C23: Звільнення голови державного органу можливе на розсуд уповноваженого органу державної влади | D23: II | E23: 1 | F23: 1 | G23: Legislation of Ukraine | H23: Законодавство України | I23: 1 | J23: 1 | K23: 1 | L23: 0 | M23: 0 | N23: 0 | O23: 0 | P23: 1 | Q23: 1 | R23: 1 | S23: 0 | T23: 1 | U23: 1 | V23: 0 | W23: 0 | X23: 1 | Y23: 1
A24: 3 | B24: Dismissal of the head of the state institution is possible if the appointed head of the state institution has been convicted of a crime or if he no longer meets a political independence criterion | C24: Звільнення голови державного органу можливе в тому випадку, якщо призначений голова був засуджений за злочин або якщо він більше не відповідає критерію політичної незалежності | D24: II | E24: 2 | F24: 1 | G24: Legislation of Ukraine | H24: Законодавство України | I24: 2 | J24: 2 | K24: 2 | L24: 2 | M24: 2 | N24: 2 | O24: 2 | P24: 2 | Q24: 2 | R24: 2 | S24: 2 | T24: 2 | U24: 0 | V24: 1 | W24: 2 | X24: 1 | Y24: 0
A25: 4 | B25: Dismissal of a board member is possible only on the grounds provided by law and must be justified | C25: Звільнення члена Правління можливе лише з підстав, передбачених законодавством і повинно бути обґрунтованим | D25: II | E25: 0 | F25: 1 | G25: Legislation of Ukraine | H25: Законодавство України | I25: NULL | J25: NULL | K25: NULL | L25: NULL | M25: NULL | N25: NULL | O25: NULL | P25: NULL | Q25: NULL | R25: NULL | S25: NULL | T25: NULL | U25: NULL | V25: 1 | W25: NULL | X25: 1 | Y25: NULL
A26: 5 | B26: Dismissal of the head of the state institution must be carried out by multiple actors | C26: Звільнення голови державного органу повинне здійснюватися декількома суб’єктами | D26: II | E26: 1 | F26: 0.5 | G26: Legislation of Ukraine | H26: Законодавство України | I26: 0 | J26: 0 | K26: 0 | L26: 1 | M26: 0 | N26: 0 | O26: 0 | P26: 1 | Q26: 1 | R26: 1 | S26: 1 | T26: 1 | U26: 1 | V26: 0.5 | W26: 1 | X26: 0.5 | Y26: 0
A27: 6 | B27: Dismissal of a board member must be carried out by multiple actors | C27: Звільнення члена Правління має здійснюватися декількома суб’єктами | D27: II | E27: 0 | F27: 0.5 | G27: Legislation of Ukraine | H27: Законодавство України | I27: NULL | J27: NULL | K27: NULL | L27: NULL | M27: NULL | N27: NULL | O27: NULL | P27: NULL | Q27: NULL | R27: NULL | S27: NULL | T27: NULL | U27: NULL | V27: 0.5 | W27: NULL | X27: 0.5 | Y27: NULL
A28: 1 | B28: Legal regulation of the activity of the state institution is carried out by the Constitution of Ukraine | C28: Правове регулювання діяльності органу державної влади здійснюється Конституцією України | D28: III | E28: 1 | F28: 1 | G28: Constitution of Ukraine | H28: Конституція України | I28: 0 | J28: 0 | K28: 0 | L28: 0 | M28: 0 | N28: 0 | O28: 0 | P28: 1 | Q28: 0 | R28: 1 | S28: 1 | T28: 1 | U28: 0 | V28: 1 | W28: 0 | X28: 0 | Y28: 0
A29: 2 | B29: The appointment procedure of the head of the state institution is defined in the Constitution of Ukraine | C29: Порядок призначення голови державного органу визначений Конституцією України | D29: III | E29: 1 | F29: 1 | G29: Constitution of Ukraine | H29: Конституція України | I29: 0 | J29: 0 | K29: 0 | L29: 1 | M29: 0 | N29: 0 | O29: 0 | P29: 1 | Q29: 0 | R29: 1 | S29: 1 | T29: 1 | U29: 0 | V29: 1 | W29: 1 | X29: 0 | Y29: 0
A30: 3 | B30: The appointment procedure of the deputy head of the state institution is defined in the Constitution of Ukraine | C30: Порядок призначення заступника голови державного органу визначений Конституцією України | D30: III | E30: 1 | F30: 1 | G30: Constitution of Ukraine | H30: Конституція України | I30: 0 | J30: 0 | K30: 0 | L30: 0 | M30: 0 | N30: 0 | O30: 0 | P30: 0 | Q30: 0 | R30: 1 | S30: 1 | T30: 0 | U30: 0 | V30: 0 | W30: 0 | X30: 0 | Y30: 0
A31: 4 | B31: Constitutional majority is required for the election of the Head of the state institution or a member of its governing body | C31: Необхідна конституційна більшість для обрання голови державного органу або члена його керівного органу | D31: III | E31: 1 | F31: 1 | G31: Constitution of Ukraine | H31: Конституція України | I31: 1 | J31: 1 | K31: 1 | L31: 1 | M31: 1 | N31: 1 | O31: 0 | P31: 1 | Q31: 1 | R31: 0 | S31: 1 | T31: 1 | U31: 1 | V31: 1 | W31: 1 | X31: 1 | Y31: 0
A32: 5 | B32: Competencies of the state institution are defined in the Constitution of Ukraine | C32: Компетенції органу державної влади визначені в Конституції України | D32: III | E32: 1 | F32: 1 | G32: Constitution of Ukraine | H32: Конституція України | I32: 0 | J32: 0 | K32: 0 | L32: 0 | M32: 0 | N32: 0 | O32: 0 | P32: 1 | Q32: 0 | R32: 0 | S32: 1 | T32: 0 | U32: 0 | V32: 0 | W32: 0 | X32: 0 | Y32: 0
A33: 6 | B33: The influence in any way on the state institution by the Cabinet of Ministers of Ukraine is excluded | C33: Вплив у будь-який спосіб на орган Кабінетом Міністрів України виключено | D33: III | E33: 1 | F33: 1 | G33: Legislation of Ukraine | H33: Законодавство України | I33: 0 | J33: 0 | K33: 1 | L33: 0 | M33: 0 | N33: 0 | O33: 1 | P33: 1 | Q33: 0 | R33: 0 | S33: 1 | T33: 1 | U33: 0 | V33: 0 | W33: 0 | X33: 1 | Y33: 1
A34: 7 | B34: The state institution is independent in its decisions | C34: Державний орган незалежний у своїх рішеннях | D34: III | E34: 1 | F34: 1 | G34: Legislation of Ukraine | H34: Законодавство України | I34: 1 | J34: 1 | K34: 1 | L34: 1 | M34: 1 | N34: 1 | O34: 1 | P34: 1 | Q34: 0 | R34: 0 | S34: 1 | T34: 1 | U34: 0 | V34: 1 | W34: 1 | X34: 1 | Y34: 1
A35: 8 | B35: The Head of the state institution cannot make individual decisions | C35: Керівник державного органу не може приймати одноосібних рішень | D35: III | E35: 1 | F35: 0.5 | G35: Legislation of Ukraine | H35: Законодавство України | I35: 1 | J35: 1 | K35: 1 | L35: 0 | M35: 1 | N35: 0 | O35: 1 | P35: 0 | Q35: 1 | R35: 1 | S35: 0 | T35: 0 | U35: 1 | V35: 0.5 | W35: 0 | X35: 0.5 | Y35: 1
A36: 9 | B36: Only in the case of equal distribution of votes, the vote of the Head of the Management Board is decisive | C36: Лише у разі розподілу голосів порівну, голос голови Правління є вирішальним | D36: III | E36: 0 | F36: 0.5 | G36: Legislation of Ukraine | H36: Законодавство України | I36: NULL | J36: NULL | K36: NULL | L36: NULL | M36: NULL | N36: NULL | O36: NULL | P36: NULL | Q36: NULL | R36: NULL | S36: NULL | T36: NULL | U36: NULL | V36: 0.5 | W36: NULL | X36: 0.5 | Y36: NULL
A37: 10 | B37: The formation of the budget of the state institution is defined in the Law of Ukraine | C37: Формування бюджету державного органу визначено в законі України | D37: III | E37: 1 | F37: 1 | G37: Legislation of Ukraine | H37: Законодавство України | I37: 0 | J37: 0 | K37: 0 | L37: 1 | M37: 1 | N37: 1 | O37: 1 | P37: 1 | Q37: 1 | R37: 1 | S37: 0 | T37: 1 | U37: 0 | V37: 1 | W37: 0 | X37: 1 | Y37: 0
A38: 11 | B38: The state institution is the main administrator of the State Budget of Ukraine | C38: Державний орган є головним розпорядником коштів Державного бюджету України | D38: III | E38: 1 | F38: 1 | G38: Legislation of Ukraine | H38: Законодавство України | I38: 0 | J38: 1 | K38: 1 | L38: 1 | M38: 1 | N38: 1 | O38: 1 | P38: 1 | Q38: 0 | R38: 1 | S38: 1 | T38: 1 | U38: 0 | V38: 1 | W38: 1 | X38: 1 | Y38: 1
A39: 12 | B39: The state institution is financed not only from the state budget | C39: Державний орган фінансується не тільки з державного бюджету | D39: III | E39: 1 | F39: 1 | G39: Legislation of Ukraine | H39: Законодавство України | I39: 0 | J39: 0 | K39: 0 | L39: 0 | M39: 1 | N39: 0 | O39: 1 | P39: 0 | Q39: 1 | R39: 0 | S39: 0 | T39: 1 | U39: 1 | V39: 1 | W39: 1 | X39: 1 | Y39: 0
A40: 13 | B40: The state institution has the authority to decide on its own the internal organization | C40: Державний орган має повноваження приймати рішення про власну внутрішню організацію | D40: III | E40: 1 | F40: 1 | G40: Legislation of Ukraine | H40: Законодавство України | I40: 1 | J40: 1 | K40: 1 | L40: 1 | M40: 1 | N40: 1 | O40: 1 | P40: 1 | Q40: 1 | R40: 1 | S40: 1 | T40: 1 | U40: 1 | V40: 1 | W40: 1 | X40: 1 | Y40: 1
A41: 14 | B41: The head of the state institution is not appointed solely by the government | C41: Голова державного органу не призначається виключно урядом | D41: III | E41: 1 | F41: 1 | G41: Legislation of Ukraine | H41: Законодавство України | I41: 0 | J41: 1 | K41: 1 | L41: 1 | M41: 1 | N41: 1 | O41: 1 | P41: 1 | Q41: 1 | R41: 1 | S41: 1 | T41: 1 | U41: 1 | V41: 1 | W41: 1 | X41: 1 | Y41: 1
A42: 15 | B42: The state institution is authorized to independently determine its staff list | C42: Державний орган уповноважений самостійно визначати свій штатний розпис | D42: III | E42: 1 | F42: 1 | G42: Legislation of Ukraine | H42: Законодавство України | I42: 1 | J42: 1 | K42: 1 | L42: 1 | M42: 1 | N42: 1 | O42: 1 | P42: 1 | Q42: 1 | R42: 1 | S42: 1 | T42: 1 | U42: 1 | V42: 1 | W42: 1 | X42: 1 | Y42: 1
A43: 1 | B43: Information on the average monthly salary of the head of the state institution is publicly available | C43: Інформація про середню місячну заробітну плату голови державного органу є загальнодоступною | D43: IV | E43: 2 | F43: 1 | G43: Official information request, Annual report | H43: Офіційний запит на інформацію, щорічний звіт | I43: =IF(salaries!B10="NULL","NULL",IF(salaries!B10="",0,IF(salaries!B10="info",0.5,IF(salaries!B10="public",1)))*IF(data!I$3=0,data!$E43,data!$F43)) -> 1 | J43: =IF(salaries!C10="NULL","NULL",IF(salaries!C10="",0,IF(salaries!C10="info",0.5,IF(salaries!C10="public",1)))*IF(data!J$3=0,data!$E43,data!$F43)) -> 1 | K43: =IF(salaries!D10="NULL","NULL",IF(salaries!D10="",0,IF(salaries!D10="info",0.5,IF(salaries!D10="public",1)))*IF(data!K$3=0,data!$E43,data!$F43)) -> 0 | L43: =IF(salaries!E10="NULL","NULL",IF(salaries!E10="",0,IF(salaries!E10="info",0.5,IF(salaries!E10="public",1)))*IF(data!L$3=0,data!$E43,data!$F43)) -> 1 | M43: =IF(salaries!F10="NULL","NULL",IF(salaries!F10="",0,IF(salaries!F10="info",0.5,IF(salaries!F10="public",1)))*IF(data!M$3=0,data!$E43,data!$F43)) -> 1 | N43: =IF(salaries!G10="NULL","NULL",IF(salaries!G10="",0,IF(salaries!G10="info",0.5,IF(salaries!G10="public",1)))*IF(data!N$3=0,data!$E43,data!$F43)) -> 2 | O43: =IF(salaries!H10="NULL","NULL",IF(salaries!H10="",0,IF(salaries!H10="info",0.5,IF(salaries!H10="public",1)))*IF(data!O$3=0,data!$E43,data!$F43)) -> 2 | P43: =IF(salaries!I10="NULL","NULL",IF(salaries!I10="",0,IF(salaries!I10="info",0.5,IF(salaries!I10="public",1)))*IF(data!P$3=0,data!$E43,data!$F43)) -> 2 | ... Y43: =IF(salaries!R10="NULL","NULL",IF(salaries!R10="",0,IF(salaries!R10="info",0.5,IF(salaries!R10="public",1)))*IF(data!Y$3=0,data!$E43,data!$F43)) -> 1
A44: 2 | B44: Information on the average monthly salary of the deputy head of the state institution is publicly available | C44: Інформація про середню місячну заробітну плату заступника голови державного органу є загальнодоступною | D44: IV | E44: 1 | F44: 1 | G44: Official information request, Annual report | H44: Офіційний запит на інформацію, щорічний звіт | I44: =IF(salaries!B11="NULL","NULL",IF(salaries!B11="",0,IF(salaries!B11="info",0.5,IF(salaries!B11="public",1)))*IF(data!I$3=0,data!$E44,data!$F44)) -> 0.5 | J44: =IF(salaries!C11="NULL","NULL",IF(salaries!C11="",0,IF(salaries!C11="info",0.5,IF(salaries!C11="public",1)))*IF(data!J$3=0,data!$E44,data!$F44)) -> 0.5 | K44: =IF(salaries!D11="NULL","NULL",IF(salaries!D11="",0,IF(salaries!D11="info",0.5,IF(salaries!D11="public",1)))*IF(data!K$3=0,data!$E44,data!$F44)) -> 0 | L44: =IF(salaries!E11="NULL","NULL",IF(salaries!E11="",0,IF(salaries!E11="info",0.5,IF(salaries!E11="public",1)))*IF(data!L$3=0,data!$E44,data!$F44)) -> 0.5 | M44: =IF(salaries!F11="NULL","NULL",IF(salaries!F11="",0,IF(salaries!F11="info",0.5,IF(salaries!F11="public",1)))*IF(data!M$3=0,data!$E44,data!$F44)) -> 0 | N44: =IF(salaries!G11="NULL","NULL",IF(salaries!G11="",0,IF(salaries!G11="info",0.5,IF(salaries!G11="public",1)))*IF(data!N$3=0,data!$E44,data!$F44)) -> 1 | O44: =IF(salaries!H11="NULL","NULL",IF(salaries!H11="",0,IF(salaries!H11="info",0.5,IF(salaries!H11="public",1)))*IF(data!O$3=0,data!$E44,data!$F44)) -> 1 | P44: =IF(salaries!I11="NULL","NULL",IF(salaries!I11="",0,IF(salaries!I11="info",0.5,IF(salaries!I11="public",1)))*IF(data!P$3=0,data!$E44,data!$F44)) -> 1 | ... Y44: =IF(salaries!R11="NULL","NULL",IF(salaries!R11="",0,IF(salaries!R11="info",0.5,IF(salaries!R11="public",1)))*IF(data!Y$3=0,data!$E44,data!$F44)) -> 0
A45: 3 | B45: Information on the average monthly salary of members of the Management Board of the state institution is publicly available | C45: Інформація про середню місячну заробітну плату членів Правління державного органу є загальнодоступною | D45: IV | E45: 0 | F45: 1 | G45: Official information request, Annual report | H45: Офіційний запит на інформацію, щорічний звіт | I45: =IF(salaries!B12="NULL","NULL",IF(salaries!B12="",0,IF(salaries!B12="info",0.5,IF(salaries!B12="public",1)))*IF(data!I$3=0,data!$E45,data!$F45)) -> NULL | J45: =IF(salaries!C12="NULL","NULL",IF(salaries!C12="",0,IF(salaries!C12="info",0.5,IF(salaries!C12="public",1)))*IF(data!J$3=0,data!$E45,data!$F45)) -> NULL | K45: =IF(salaries!D12="NULL","NULL",IF(salaries!D12="",0,IF(salaries!D12="info",0.5,IF(salaries!D12="public",1)))*IF(data!K$3=0,data!$E45,data!$F45)) -> NULL | L45: =IF(salaries!E12="NULL","NULL",IF(salaries!E12="",0,IF(salaries!E12="info",0.5,IF(salaries!E12="public",1)))*IF(data!L$3=0,data!$E45,data!$F45)) -> NULL | M45: =IF(salaries!F12="NULL","NULL",IF(salaries!F12="",0,IF(salaries!F12="info",0.5,IF(salaries!F12="public",1)))*IF(data!M$3=0,data!$E45,data!$F45)) -> NULL | N45: =IF(salaries!G12="NULL","NULL",IF(salaries!G12="",0,IF(salaries!G12="info",0.5,IF(salaries!G12="public",1)))*IF(data!N$3=0,data!$E45,data!$F45)) -> NULL | O45: =IF(salaries!H12="NULL","NULL",IF(salaries!H12="",0,IF(salaries!H12="info",0.5,IF(salaries!H12="public",1)))*IF(data!O$3=0,data!$E45,data!$F45)) -> NULL | P45: =IF(salaries!I12="NULL","NULL",IF(salaries!I12="",0,IF(salaries!I12="info",0.5,IF(salaries!I12="public",1)))*IF(data!P$3=0,data!$E45,data!$F45)) -> NULL | ... Y45: =IF(salaries!R12="NULL","NULL",IF(salaries!R12="",0,IF(salaries!R12="info",0.5,IF(salaries!R12="public",1)))*IF(data!Y$3=0,data!$E45,data!$F45)) -> NULL
A46: 4 | B46: Information on the average monthly salary of high-ranking officials of the state institution is publicly available | C46: Інформація про середню місячну заробітну плату високопосадовців є державного органу загальнодоступною | D46: IV | E46: 1 | F46: 1 | G46: Official information request, Annual report | H46: Офіційний запит на інформацію, щорічний звіт | I46: =IF(salaries!B13="NULL","NULL",IF(salaries!B13="",0,IF(salaries!B13="info",0.5,IF(salaries!B13="public",1)))*IF(data!I$3=0,data!$E46,data!$F46)) -> 0 | J46: =IF(salaries!C13="NULL","NULL",IF(salaries!C13="",0,IF(salaries!C13="info",0.5,IF(salaries!C13="public",1)))*IF(data!J$3=0,data!$E46,data!$F46)) -> 0.5 | K46: =IF(salaries!D13="NULL","NULL",IF(salaries!D13="",0,IF(salaries!D13="info",0.5,IF(salaries!D13="public",1)))*IF(data!K$3=0,data!$E46,data!$F46)) -> 0 | L46: =IF(salaries!E13="NULL","NULL",IF(salaries!E13="",0,IF(salaries!E13="info",0.5,IF(salaries!E13="public",1)))*IF(data!L$3=0,data!$E46,data!$F46)) -> 0.5 | M46: =IF(salaries!F13="NULL","NULL",IF(salaries!F13="",0,IF(salaries!F13="info",0.5,IF(salaries!F13="public",1)))*IF(data!M$3=0,data!$E46,data!$F46)) -> 0.5 | N46: =IF(salaries!G13="NULL","NULL",IF(salaries!G13="",0,IF(salaries!G13="info",0.5,IF(salaries!G13="public",1)))*IF(data!N$3=0,data!$E46,data!$F46)) -> 1 | O46: =IF(salaries!H13="NULL","NULL",IF(salaries!H13="",0,IF(salaries!H13="info",0.5,IF(salaries!H13="public",1)))*IF(data!O$3=0,data!$E46,data!$F46)) -> 1 | P46: =IF(salaries!I13="NULL","NULL",IF(salaries!I13="",0,IF(salaries!I13="info",0.5,IF(salaries!I13="public",1)))*IF(data!P$3=0,data!$E46,data!$F46)) -> 0 | ... Y46: =IF(salaries!R13="NULL","NULL",IF(salaries!R13="",0,IF(salaries!R13="info",0.5,IF(salaries!R13="public",1)))*IF(data!Y$3=0,data!$E46,data!$F46)) -> 0.5
A47: 5 | B47: Information on the average monthly salary of employees of the state institution is publicly available | C47: Інформація про середню місячну заробітну плату працівників державного органу є загальнодоступною | D47: IV | E47: 1 | F47: 1 | G47: Official information request, Annual report | H47: Офіційний запит на інформацію, щорічний звіт | I47: =IF(salaries!B14="NULL","NULL",IF(salaries!B14="",0,IF(salaries!B14="info",0.5,IF(salaries!B14="public",1)))*IF(data!I$3=0,data!$E47,data!$F47)) -> 0 | J47: =IF(salaries!C14="NULL","NULL",IF(salaries!C14="",0,IF(salaries!C14="info",0.5,IF(salaries!C14="public",1)))*IF(data!J$3=0,data!$E47,data!$F47)) -> 0.5 | K47: =IF(salaries!D14="NULL","NULL",IF(salaries!D14="",0,IF(salaries!D14="info",0.5,IF(salaries!D14="public",1)))*IF(data!K$3=0,data!$E47,data!$F47)) -> 0 | L47: =IF(salaries!E14="NULL","NULL",IF(salaries!E14="",0,IF(salaries!E14="info",0.5,IF(salaries!E14="public",1)))*IF(data!L$3=0,data!$E47,data!$F47)) -> 0.5 | M47: =IF(salaries!F14="NULL","NULL",IF(salaries!F14="",0,IF(salaries!F14="info",0.5,IF(salaries!F14="public",1)))*IF(data!M$3=0,data!$E47,data!$F47)) -> 0.5 | N47: =IF(salaries!G14="NULL","NULL",IF(salaries!G14="",0,IF(salaries!G14="info",0.5,IF(salaries!G14="public",1)))*IF(data!N$3=0,data!$E47,data!$F47)) -> 0 | O47: =IF(salaries!H14="NULL","NULL",IF(salaries!H14="",0,IF(salaries!H14="info",0.5,IF(salaries!H14="public",1)))*IF(data!O$3=0,data!$E47,data!$F47)) -> 1 | P47: =IF(salaries!I14="NULL","NULL",IF(salaries!I14="",0,IF(salaries!I14="info",0.5,IF(salaries!I14="public",1)))*IF(data!P$3=0,data!$E47,data!$F47)) -> 0 | ... Y47: =IF(salaries!R14="NULL","NULL",IF(salaries!R14="",0,IF(salaries!R14="info",0.5,IF(salaries!R14="public",1)))*IF(data!Y$3=0,data!$E47,data!$F47)) -> 0.5
A48: 6 | B48: Average monthly salary of the head of the state institution | C48: Середньомісячна заробітна плата керівника державної установи | D48: IV | E48: 2 | F48: 1 | G48: Official information request, Annual report | H48: Офіційний запит на інформацію, щорічний звіт | I48: =IF(salaries!B37="","NULL",salaries!B37*IF(data!I$3=0,data!$E48,data!$F48)) -> 0.74789461 | J48: =IF(salaries!C37="","NULL",salaries!C37*IF(data!J$3=0,data!$E48,data!$F48)) -> 0.24651781 | K48: =IF(salaries!D37="","NULL",salaries!D37*IF(data!K$3=0,data!$E48,data!$F48)) -> NULL | L48: =IF(salaries!E37="","NULL",salaries!E37*IF(data!L$3=0,data!$E48,data!$F48)) -> 1.4098639 | M48: =IF(salaries!F37="","NULL",salaries!F37*IF(data!M$3=0,data!$E48,data!$F48)) -> 1.4337442 | N48: =IF(salaries!G37="","NULL",salaries!G37*IF(data!N$3=0,data!$E48,data!$F48)) -> 1.2981257 | O48: =IF(salaries!H37="","NULL",salaries!H37*IF(data!O$3=0,data!$E48,data!$F48)) -> 1.2699968 | P48: =IF(salaries!I37="","NULL",salaries!I37*IF(data!P$3=0,data!$E48,data!$F48)) -> 1.3824198 | ... Y48: =IF(salaries!R37="","NULL",salaries!R37*IF(data!Y$3=0,data!$E48,data!$F48)) -> 0.47577411
A49: 7 | B49: Average monthly salary of the deputy head of the state institution | C49: Середньомісячна заробітна плата заступника керівника державної установи | D49: IV | E49: 1 | F49: 1 | G49: Official information request, Annual report | H49: Офіційний запит на інформацію, щорічний звіт | I49: =IF(salaries!B38="","NULL",salaries!B38*IF(data!I$3=0,data!$E49,data!$F49)) -> 0.40917243 | J49: =IF(salaries!C38="","NULL",salaries!C38*IF(data!J$3=0,data!$E49,data!$F49)) -> 0.21610899 | K49: =IF(salaries!D38="","NULL",salaries!D38*IF(data!K$3=0,data!$E49,data!$F49)) -> NULL | L49: =IF(salaries!E38="","NULL",salaries!E38*IF(data!L$3=0,data!$E49,data!$F49)) -> 0.47683754 | M49: =IF(salaries!F38="","NULL",salaries!F38*IF(data!M$3=0,data!$E49,data!$F49)) -> NULL | N49: =IF(salaries!G38="","NULL",salaries!G38*IF(data!N$3=0,data!$E49,data!$F49)) -> 0.69788107 | O49: =IF(salaries!H38="","NULL",salaries!H38*IF(data!O$3=0,data!$E49,data!$F49)) -> 0.52290622 | P49: =IF(salaries!I38="","NULL",salaries!I38*IF(data!P$3=0,data!$E49,data!$F49)) -> 0.64209701 | ... Y49: =IF(salaries!R38="","NULL",salaries!R38*IF(data!Y$3=0,data!$E49,data!$F49)) -> NULL
A50: 8 | B50: Average monthly salary of members of the Management Board of the state institution | C50: Середньомісячна заробітна плата членів Правління державної установи | D50: IV | E50: 0 | F50: 1 | G50: Official information request, Annual report | H50: Офіційний запит на інформацію, щорічний звіт | I50: =IF(salaries!B39="","NULL",salaries!B39*IF(data!I$3=0,data!$E50,data!$F50)) -> NULL | J50: =IF(salaries!C39="","NULL",salaries!C39*IF(data!J$3=0,data!$E50,data!$F50)) -> NULL | K50: =IF(salaries!D39="","NULL",salaries!D39*IF(data!K$3=0,data!$E50,data!$F50)) -> NULL | L50: =IF(salaries!E39="","NULL",salaries!E39*IF(data!L$3=0,data!$E50,data!$F50)) -> NULL | M50: =IF(salaries!F39="","NULL",salaries!F39*IF(data!M$3=0,data!$E50,data!$F50)) -> NULL | N50: =IF(salaries!G39="","NULL",salaries!G39*IF(data!N$3=0,data!$E50,data!$F50)) -> NULL | O50: =IF(salaries!H39="","NULL",salaries!H39*IF(data!O$3=0,data!$E50,data!$F50)) -> NULL | P50: =IF(salaries!I39="","NULL",salaries!I39*IF(data!P$3=0,data!$E50,data!$F50)) -> NULL | ... Y50: =IF(salaries!R39="","NULL",salaries!R39*IF(data!Y$3=0,data!$E50,data!$F50)) -> NULL
A51: 9 | B51: Average monthly salary of high-ranking officials of the state institution | C51: Середньомісячна заробітна плата високопосадовців державної установи | D51: IV | E51: 1 | F51: 1 | G51: Official information request, Annual report | H51: Офіційний запит на інформацію, щорічний звіт | I51: =IF(salaries!B40="","NULL",salaries!B40*IF(data!I$3=0,data!$E51,data!$F51)) -> NULL | J51: =IF(salaries!C40="","NULL",salaries!C40*IF(data!J$3=0,data!$E51,data!$F51)) -> 0.15163834 | K51: =IF(salaries!D40="","NULL",salaries!D40*IF(data!K$3=0,data!$E51,data!$F51)) -> NULL | L51: =IF(salaries!E40="","NULL",salaries!E40*IF(data!L$3=0,data!$E51,data!$F51)) -> 0.45396333 | M51: =IF(salaries!F40="","NULL",salaries!F40*IF(data!M$3=0,data!$E51,data!$F51)) -> 0.60151794 | N51: =IF(salaries!G40="","NULL",salaries!G40*IF(data!N$3=0,data!$E51,data!$F51)) -> 0.51661492 | O51: =IF(salaries!H40="","NULL",salaries!H40*IF(data!O$3=0,data!$E51,data!$F51)) -> 0.41911924 | P51: =IF(salaries!I40="","NULL",salaries!I40*IF(data!P$3=0,data!$E51,data!$F51)) -> NULL | ... Y51: =IF(salaries!R40="","NULL",salaries!R40*IF(data!Y$3=0,data!$E51,data!$F51)) -> 0.22837978
A52: 10 | B52: Average monthly salary of employees of the state institution | C52: Середньомісячна заробітна плата працівників державної установи | D52: IV | E52: 1 | F52: 1 | G52: Official information request, Annual report | H52: Офіційний запит на інформацію, щорічний звіт | I52: =IF(salaries!B41="","NULL",salaries!B41*IF(data!I$3=0,data!$E52,data!$F52)) -> NULL | J52: =IF(salaries!C41="","NULL",salaries!C41*IF(data!J$3=0,data!$E52,data!$F52)) -> 0.44010268 | K52: =IF(salaries!D41="","NULL",salaries!D41*IF(data!K$3=0,data!$E52,data!$F52)) -> NULL | L52: =IF(salaries!E41="","NULL",salaries!E41*IF(data!L$3=0,data!$E52,data!$F52)) -> 0.7877655 | M52: =IF(salaries!F41="","NULL",salaries!F41*IF(data!M$3=0,data!$E52,data!$F52)) -> 1 | N52: =IF(salaries!G41="","NULL",salaries!G41*IF(data!N$3=0,data!$E52,data!$F52)) -> NULL | O52: =IF(salaries!H41="","NULL",salaries!H41*IF(data!O$3=0,data!$E52,data!$F52)) -> 0.94490273 | P52: =IF(salaries!I41="","NULL",salaries!I41*IF(data!P$3=0,data!$E52,data!$F52)) -> NULL | ... Y52: =IF(salaries!R41="","NULL",salaries!R41*IF(data!Y$3=0,data!$E52,data!$F52)) -> 0.53162519
A53: 1 | B53: Call for candidate applications has been published (e. g. Online, in newspaper etc.) | C53: Оголошення конкурсу на заміщення вакантних посад опубліковано на сайті державної установи | D53: V | E53: 0.25 | F53: 0.25 | G53: https://zakon.rada.gov.ua/laws/show/246-2016-%D0%BF#Text | H53: 12. Після оприлюднення інформації про оголошення конкурсу на Єдиному порталі вакансій державної служби така інформація може бути оприлюднена на офіційному веб-сайті відповідного державного органу, інших веб-сайтах та в засобах масової інформації. https://zakon.rada.gov.ua/laws/show/246-2016-%D0%BF#Text | I53: 0.25 | J53: 0.125 | K53: 0.125 | L53: 0.25 | M53: 0.25 | N53: 0.25 | O53: 0.25 | P53: 0.25 | Q53: 0.25 | R53: 0.25 | S53: 0.25 | T53: 0.25 | U53: 0.25 | V53: 0.25 | W53: 0.25 | X53: 0.25 | Y53: 0.25
A54: 2 | B54: Candidates can apply without having to be nominated by another body (institution, professional organization, interest group) | C54: Кандидат може подавати заявку напряму, без висуваня іншою інституцією, організацією та групами інтересів | D54: V | E54: 0.25 | F54: 0.25 | G54: A person who has expressed a will to participate in the competition may submit the necessary information to the tender commission in person or send it by mail. | H54: Особа, яка виявила бажання взяти участь у конкурсі може подати в установленому порядку до конкурсної комісії необхідну інформацію особисто або надіслати її поштою | I54: 0.25 | J54: 0.25 | K54: 0.25 | L54: 0.25 | M54: 0.25 | N54: 0.25 | O54: 0.25 | P54: 0.25 | Q54: 0.25 | R54: 0.25 | S54: 0.25 | T54: 0.25 | U54: 0.25 | V54: 0.25 | W54: 0.25 | X54: 0.25 | Y54: 0.25
A55: 3 | B55: Candidacy is open to non-citizens | C55: Вакансія відкрита для іноземців | D55: V | E55: 0.25 | F55: 0.25 | G55: A person who has the citizenship of another state may not enter the civil service https://career.gov.ua/site/view-article?id=67 | I55: 0 | J55: 0 | K55: 0 | L55: 0 | M55: 0 | N55: 0 | O55: 0 | P55: 0 | Q55: 0 | R55: 0 | S55: 0 | T55: 0 | U55: 0.25 | V55: 0 | W55: 0 | X55: 0 | Y55: 0
A56: 4 | B56: Candidacy is not restricted by (legal requirement of being at least 21 years old is not considered restrictive) | C56: Немає обмежень для кандидатів, окрім того, що вік особи має бути від 21 року | D56: V | E56: 0.25 | F56: 0.25 | G56: During the execution of the right to civil service by citizens, any forms of discrimination defined by law are not allowed. https://zakon.rada.gov.ua/laws/show/889-19#n280 | H56: 4. Під час реалізації громадянами права на державну службу не допускаються будь-які форми дискримінації, визначені законодавством. https://zakon.rada.gov.ua/laws/show/889-19#n280 | I56: 0.25 | J56: 0.25 | K56: 0.25 | L56: 0.25 | M56: 0.25 | N56: 0.25 | O56: 0.25 | P56: 0.25 | Q56: 0.25 | R56: 0.25 | S56: 0.25 | T56: 0.25 | U56: 0.25 | V56: 0.25 | W56: 0.25 | X56: 0.25 | Y56: 0.25
A57: 5 | B57: Candidates had / have at least 14 days to apply | C57: Кандидат має щонайменше 14 днів для подання заявки на участь у конкурсі | D57: V | E57: 0.25 | F57: 0.25 | I57: 0 | J57: 0 | K57: 0 | L57: 0 | M57: 0 | N57: 0 | O57: 0 | P57: 0 | Q57: 0 | R57: 0 | S57: 0 | T57: 0.25 | U57: 0.25 | V57: 0.25 | W57: 0 | X57: 0 | Y57: 0
A58: 6 | B58: Candidates are required to submit a CV | C58: Кандидати повинні подати резюме | D58: V | E58: 0.25 | F58: 0.25 | I58: 0.25 | J58: 0.25 | K58: 0.25 | L58: 0.25 | M58: 0.25 | N58: 0.25 | O58: 0.25 | P58: 0.25 | Q58: 0.25 | R58: 0.25 | S58: 0.25 | T58: 0.25 | U58: 0.25 | V58: 0.25 | W58: 0.25 | X58: 0.25 | Y58: 0.25
A59: 7 | B59: Candidates are required to submit a motivation letter (cover letter) | C59: Кандидати повинні подати мотиваційний лист | D59: V | E59: 0.25 | F59: 0.25 | G59: Statement indicating the main motives for taking the position https://career.gov.ua/site/view-article?id=9 | H59: Особа, яка виявила бажання взяти участь у доборі з призначення на вакантну посаду, може подавати додаткову інформацію, яка підтверджує відповідність встановленим в оголошенні вимогам, зокрема стосовно досвіду роботи, професійних компетентностей, репутації (характеристики, рекомендації, наукові публікації тощо). | I59: 0.25 | J59: 0.25 | K59: 0.25 | L59: 0.25 | M59: 0.25 | N59: 0.25 | O59: 0.25 | P59: 0.25 | Q59: 0.25 | R59: 0.25 | S59: 0.25 | T59: 0.25 | U59: 0.25 | V59: 0.25 | W59: 0.25 | X59: 0.25 | Y59: 0.25
A60: 8 | B60: Candidates are required to submit a management strategy proposal | C60: Кандидати мають подати пропозицію стратегії управління | D60: V | E60: 0.25 | F60: 0.25 | G60: The person has the right to submit other documents to the application for participation in the competition https://career.gov.ua/site/view-article?id=66 https://zakon.rada.gov.ua/laws/show/246-2016-%D0%BF | H60: Ситуаційне завдання (в усній формі) стратегічне управління комунікація та взаємодія стресостійкість концептуальне та інноваційне мислення ефективність аналізу та висновків https://zakon.rada.gov.ua/laws/show/246-2016-%D0%BF (МЕТОДИ оцінювання вимог, визначених в умовах проведення конкурсу на зайняття посад фахівців з питань реформ категорій “Б” і “В”) | I60: 0.125 | J60: 0.125 | K60: 0.125 | L60: 0.125 | M60: 0.125 | N60: 0.125 | O60: 0.125 | P60: 0.125 | Q60: 0.125 | R60: 0.125 | S60: 0.125 | T60: 0.125 | U60: 0.125 | V60: 0.125 | W60: 0.125 | X60: 0.125 | Y60: 0.125
A61: 9 | B61: Candidates are required to submit property declaration (when applying or upon taking office) | C61: Кандидат має подати декларацію про майновий стан (під час подання заяви або при вступі на посаду) | D61: V | E61: 0.25 | F61: 0.25 | G61: Candidates for category A (managers)/ Candidates for category В (specialists) | H61: У разі проведення конкурсу на посаду державної служби категорії «А» — підтвердження подання декларації особи, уповноваженої на виконання функцій держави або місцевого самоврядування, за минулий рік у вигляді посилання на відповідну декларацію, розміщену в Єдиному державному реєстрі декларацій осіб, уповноважених на виконання функцій держави або місцевого самоврядування, за минулий рік. категорія А/категорії Б,В | I61: 0.125 | J61: 0.125 | K61: 0.125 | L61: 0.125 | M61: 0.125 | N61: 0.125 | O61: 0.125 | P61: 0.125 | Q61: 0.125 | R61: 0.125 | S61: 0.125 | T61: 0.125 | U61: 0 | V61: 0.125 | W61: 0.125 | X61: 0.125 | Y61: 0.125
A62: 10 | B62: Candidates must meet integrity requirements (evidence of no criminal record) | C62: Кандидати мають відповідати вимогам доброчесності (докази відсутності судимості) | D62: V | E62: 0.25 | F62: 0.25 | I62: 0.25 | J62: 0.25 | K62: 0.25 | L62: 0.25 | M62: 0.25 | N62: 0.25 | O62: 0.25 | P62: 0.25 | Q62: 0.25 | R62: 0.25 | S62: 0.25 | T62: 0.25 | U62: 0.25 | V62: 0.25 | W62: 0.25 | X62: 0.25 | Y62: 0.25
A63: 11 | B63: Candidates must meet educational requirements (university degree) | C63: Кандидати мають відповідати освітнім вимогам (вища освіта) | D63: V | E63: 0.25 | F63: 0.25 | I63: 0.25 | J63: 0.25 | K63: 0.25 | L63: 0.25 | M63: 0.25 | N63: 0.25 | O63: 0.25 | P63: 0.25 | Q63: 0.25 | R63: 0.25 | S63: 0.25 | T63: 0.25 | U63: 0.25 | V63: 0.25 | W63: 0.25 | X63: 0.25 | Y63: 0.25
A64: 12 | B64: Candidates are required to speak at least one foreign (world) language (e.g. English, German, French, Spanish) | C64: Кандидати мають знати принаймні одну іноземну мову (окрім російської - англійська, німецька, французька, іспанська тощо). | D64: V | E64: 0.25 | F64: 0.25 | G64: Candidates for category A (managers)/ Candidates for category В (specialists) | H64: володіння іноземною мовою, яка є однією з офіційних мов Ради Європи (англійська та/або французька) категорія А/категорії Б,В | I64: 0.125 | J64: 0.125 | K64: 0.125 | L64: 0.125 | M64: 0.125 | N64: 0.125 | O64: 0.125 | P64: 0.125 | Q64: 0.125 | R64: 0.125 | S64: 0.125 | T64: 0.125 | U64: 0.125 | V64: 0.125 | W64: 0.125 | X64: 0.125 | Y64: 0.125
A65: 13 | B65: Candidates are not allowed to directly transition from a political office | C65: Кандидатам не дозволяється переходити з політичної посади | D65: V | E65: 0.25 | F65: 0.25 | I65: 0 | J65: 0 | K65: 0 | L65: 0 | M65: 0 | N65: 0 | O65: 0 | P65: 0 | Q65: 0 | R65: 0 | S65: 0 | T65: 0 | U65: 0.25 | V65: 0.25 | W65: 0 | X65: 0 | Y65: 0
A66: 14 | B66: Candidates must meet work experience criteria | C66: Кандидати мають відповідний досвід роботи | D66: V | E66: 0.25 | F66: 0.25 | G66: The degree of higher education not lower than: - master's degree - for positions of categories "A" and "B"; - bachelor, junior bachelor - for positions of category "C". https://career.gov.ua/site/view-article?id=67 | I66: 0.25 | J66: 0.25 | K66: 0.25 | L66: 0.25 | M66: 0.25 | N66: 0.25 | O66: 0.25 | P66: 0.25 | Q66: 0.25 | R66: 0.25 | S66: 0.25 | T66: 0.25 | U66: 0.25 | V66: 0.25 | W66: 0.25 | X66: 0.25 | Y66: 0.25
A67: 15 | B67: The interview with the candidates is public (public hearing of candidates) | C67: Інтерв'ю з кандидатами є публічними (проводяться публічні слухання кандидатів) | D67: V | E67: 0.25 | F67: 0.25 | G67: To ensure maximum transparency of the competition for category "A" positions, the competition procedure is videotaped (testing, solving situational tasks by candidates, their presentation, interview). Videos of the competition for the positions of specialists in the field of reforms of categories "B" and "C" are not subject to disclosure. | H67: Завдання для перевірки володіння іноземною мовою кандидатів на зайняття посад категорії “А” не оприлюднюються. 23. Для забезпечення максимальної прозорості проведення конкурсу на зайняття посад категорії “А” здійснюється відеофіксація процедури проведення конкурсу (тестування, розв’язання кандидатами ситуаційних завдань (у разі їх розв’язання) та їх презентація у передбачених випадках, проведення співбесіди). Відеозаписи публікуються на офіційному веб-сайті НАДС не пізніше ніж протягом наступного робочого дня після завершення відповідного етапу. | I67: 0.125 | J67: 0.125 | K67: 0.125 | L67: 0.125 | M67: 0.125 | N67: 0.125 | O67: 0.125 | P67: 0.125 | Q67: 0.125 | R67: 0.125 | S67: 0.125 | T67: 0.125 | U67: 0 | V67: 0 | W67: 0.125 | X67: 0.125 | Y67: 0.125
A68: 16 | B68: The list of candidates as well as all their documents (CVs, cover letter, management strategy) are published prior to the public hearing / interview | C68: Список кандидатів та перелік поданих ними документів (резюме, мотиваційний лист, стратегія управління) публікуються до проведення інтерв'ю з кандидатами | D68: V | E68: 0.25 | F68: 0.25 | G68: Lists of candidates admitted to the competition and interview are published. Resumes and other documents are not made public https://nads.gov.ua/vishchij-korpus-derzhavnoyi-sluzhbi/informaciya-pro-konkursi | H68: https://nads.gov.ua/vishchij-korpus-derzhavnoyi-sluzhbi/informaciya-pro-konkursi | I68: 0.125 | J68: 0.125 | K68: 0.125 | L68: 0.125 | M68: 0.125 | N68: 0.125 | O68: 0.125 | P68: 0.125 | Q68: 0.125 | R68: 0.125 | S68: 0.125 | T68: 0.125 | U68: 0 | V68: 0 | W68: 0.125 | X68: 0.125 | Y68: 0.125
A69: 17 | B69: Public hearing or interview is broadcasted live | C69: Співбесіди з кандидатами транслюються в прямому ефірі | D69: V | E69: 0.25 | F69: 0.25 | G69: For category "A" positions only. Questions of test tasks and answers to them are not subject to disclosure | H69: На Єдиному порталі вакансій державної служби (career.gov.ua) для кандидатів на посаду категорії А | I69: 0.125 | J69: 0.125 | K69: 0.125 | L69: 0.125 | M69: 0.125 | N69: 0.125 | O69: 0.125 | P69: 0.125 | Q69: 0.125 | R69: 0.125 | S69: 0.125 | T69: 0.125 | U69: 0 | V69: 0.125 | W69: 0.125 | X69: 0.125 | Y69: 0.125
A70: 18 | B70: Recording of the public hearing is published online | C70: Запис трансляції публікується онлайн | D70: V | E70: 0.25 | F70: 0.25 | G70: For category "A" positions only: https://www.youtube.com/channel/UCosDsJelzAlKZhGLEIRhdcw/videos | H70: 23. Для забезпечення максимальної прозорості проведення конкурсу на зайняття посад категорії “А” здійснюється відеофіксація процедури проведення конкурсу (тестування, розв’язання кандидатами ситуаційних завдань (у разі їх розв’язання) та їх презентація у передбачених випадках, проведення співбесіди). Відеозаписи публікуються на офіційному веб-сайті НАДС не пізніше ніж протягом наступного робочого дня після завершення відповідного етапу. | I70: 0.125 | J70: 0.125 | K70: 0.125 | L70: 0.125 | M70: 0.125 | N70: 0.125 | O70: 0.125 | P70: 0.125 | Q70: 0.125 | R70: 0.125 | S70: 0.125 | T70: 0.125 | U70: 0 | V70: 0.125 | W70: 0.125 | X70: 0.125 | Y70: 0.125
A71: 19 | B71: Candidates present their management strategy proposal in the public hearing | C71: Candidates present their management strategy proposal in the public hearing | D71: V | E71: 0.25 | F71: 0.25 | G71: Not obligatory | H71: Вимоги до компетентності: Стратегічне бачення - бачення загальної картини у сфері своєї відповідальності, розуміння середньо- та довгострокових цілей; - здатність визначати напрямки розвитку та покращень у сфері своєї відповідальності; - уміння перетворювати довгострокові цілі та концептуальне бачення у конкретні задачі та показники їх виконання, чіткі та послідовні плани дій; - вміння здійснювати оцінку гендерного впливу під час формування, впровадження та оцінювання державної політики; https://zakon.rada.gov.ua/laws/show/448-2016-%D0%BF#n9 | I71: 0.125 | J71: 0.125 | K71: 0.125 | L71: 0.125 | M71: 0.125 | N71: 0.125 | O71: 0.125 | P71: 0.125 | Q71: 0.125 | R71: 0.125 | S71: 0.125 | T71: 0.125 | U71: 0.125 | V71: 0.125 | W71: 0.125 | X71: 0.125 | Y71: 0.125
A72: 20 | B72: Representatives of the public (media, NGOs) have the right to ask candidates questions during the public hearing / interview | C72: Представники громадськості (ЗМІ, НУО) мають право задавати питання кандидатам протягом співбесіди/публічних слухань | D72: V | E72: 0.25 | F72: 0.25 | G72: The meetings of the Commission are open to the media for category "A" only https://nads.gov.ua/storage/app/sites/5/Komisia%20A/2020/Reglament/reglament.pdf | I72: 0.125 | J72: 0.125 | K72: 0.125 | L72: 0.125 | M72: 0.125 | N72: 0.125 | O72: 0.125 | P72: 0.125 | Q72: 0.125 | R72: 0.125 | S72: 0.125 | T72: 0.125 | U72: 0 | V72: 0.125 | W72: 0.125 | X72: 0.125 | Y72: 0.125
A73: 21 | B73: List of committee members conducting the public hearing / interview is published | C73: Список членів комісії, які проводять співбесіду/громадські слухання, опубліковано | D73: V | E73: 0.125 | F73: 0.125 | I73: 0.125 | J73: 0.125 | K73: 0.125 | L73: 0.125 | M73: 0.125 | N73: 0.125 | O73: 0.125 | P73: 0.125 | Q73: 0.125 | R73: 0.125 | S73: 0.125 | T73: 0.125 | U73: 0 | V73: 0 | W73: 0.125 | X73: 0.125 | Y73: 0.125
A74: 22 | B74: The committee is composed of representatives of several different institutions | C74: Члени комісії є представниками декількох різних установ | D74: V | E74: 0.125 | F74: 0.125 | G74: https://zakon.rada.gov.ua/laws/show/889-19#n218 https://zakon.rada.gov.ua/laws/show/246-2016-%D0%BF#Text | H74: До складу конкурсної комісії можуть входити представники служби управління персоналом, юридичної служби, окремих структурних підрозділів та інші працівники державного органу, в якому проводиться конкурс. У разі неможливості утворення або функціонування конкурсної комісії в державному органі, фактична чисельність якого становить менше 10 осіб, суб’єкт призначення може включити до складу конкурсної комісії працівників іншого державного органу за згодою керівника державної служби такого державного органу. https://zakon.rada.gov.ua/laws/show/246-2016-%D0%BF#Text | I74: 0.125 | J74: 0.125 | K74: 0.125 | L74: 0.125 | M74: 0.125 | N74: 0.125 | O74: 0.125 | P74: 0.125 | Q74: 0.125 | R74: 0.125 | S74: 0.125 | T74: 0.125 | U74: 0 | V74: 0.125 | W74: 0.125 | X74: 0.125 | Y74: 0.125
A75: 23 | B75: Following public hearing, the committee makes their evaluation of candidates and reasons for their decision public | C75: Після публічних слухань/співбесіди комісія оприлюднює оцінку кандидатів та своє рішення. | D75: V | E75: 0.25 | F75: 0.25 | G75: https://nads.gov.ua/vishchij-korpus-derzhavnoyi-sluzhbi/komisiya-z-pitan-vishchogo-korpusu-derzhavnoyi-sluzhbi/protokoli-zasidan | I75: 0.25 | J75: 0.25 | K75: 0.25 | L75: 0.25 | M75: 0.25 | N75: 0.25 | O75: 0.25 | P75: 0.25 | Q75: 0.25 | R75: 0.25 | S75: 0.25 | T75: 0.25 | U75: 0.125 | V75: 0.125 | W75: 0.25 | X75: 0.25 | Y75: 0.25
A76: 24 | B76: Each committee member has the right to publish their own evaluation separately | C76: Кожен член комісії мають право оцінювати кандидата окремо | D76: V | E76: 0.25 | F76: 0.25 | I76: 0.25 | J76: 0.25 | K76: 0.25 | L76: 0.25 | M76: 0.25 | N76: 0.25 | O76: 0.25 | P76: 0.25 | Q76: 0.25 | R76: 0.25 | S76: 0.25 | T76: 0.25 | U76: 0.125 | V76: 0.25 | W76: 0.25 | X76: 0.25 | Y76: 0.25
A77: 25 | B77: In case of an election of the head of institution, the election is public | C77: У разі обрання керівника державної установи вибори є публічними | D77: V | E77: 0.25 | F77: 0.25 | G77: Involved experts are invited to the meeting of the tender commission for the selection of persons for the positions of reform specialists to assess the requirements set out in the relevant minutes of the tender commission meeting. After the interview, the appointing entity or the head of the civil service decides on the determination of the winner (winners) of the competition or on his (their) absence. The specified decision is made by issuing the order (instruction) or the protocol decision. | H77: На засідання конкурсної комісії для відбору осіб на зайняття посад фахівців з питань реформ обов’язково запрошуються залучені експерти для оцінювання вимог, визначених у відповідному протоколі засідання конкурсної комісії. Після проведення співбесіди суб’єкт призначення або керівник державної служби приймає рішення про визначення переможця (переможців) конкурсу або про його (їх) відсутність. Зазначене рішення оформлюється шляхом видання наказу (розпорядження) або протокольного рішення. | I77: 0.125 | J77: 0.125 | K77: 0.125 | L77: 0.125 | M77: 0.125 | N77: 0.125 | O77: 0.125 | P77: 0.125 | Q77: 0.125 | R77: 0.125 | S77: 0.125 | T77: 0.125 | U77: 0.125 | V77: 0.25 | W77: 0.125 | X77: 0.125 | Y77: 0.125

Sheet salaries
B1: institution ID
A2: Average monthly salary of | B2: 1 | C2: 2 | D2: 3 | E2: 4 | F2: 5 | G2: 6 | H2: 7 | I2: 8 | J2: 9 | K2: 10 | L2: 11 | M2: 12 | N2: 13 | O2: 14 | P2: 15 | Q2: 16 | R2: 17
A3: Head | B3: 55358.36 | C3: 14031.83 | E3: 151997.15 | F3: 156777 | G3: 131046 | H3: 126120 | I3: 146639 | J3: 26311.4 | K3: 170779 | L3: 309586.25 | M3: 64191.58 | O3: 217285 | P3: 39404 | Q3: 29400 | R3: 30463.42
A4: Deputy head | B4: 70714.16 | C4: 31197.61 | E4: 87958.62 | G4: 160477.33 | H4: 100896 | I4: 139512 | K4: 286312 | L4: 279536.04 | M4: 33621.75 | O4: 316398 | P4: 61617 | Q4: 26500
A5: Members of the Board | B5: NULL | C5: NULL | D5: NULL | E5: NULL | F5: NULL | G5: NULL | H5: NULL | I5: NULL | J5: NULL | K5: NULL | L5: NULL | M5: NULL | N5: NULL | P5: NULL | R5: NULL
A6: High-ranking officials | C6: 19906.36 | E6: 85608.33 | F6: 137064 | G6: 105471 | H6: 75672 | K6: 394574 | L6: 240229 | M6: 51103.08 | Q6: 12500 | R6: 32759.32
A7: Employees | C7: 12803.58 | E7: 33373.84 | F7: 54102 | H7: 47926 | P7: 21000 | Q7: 8500 | R7: 17022.19
A9: Source of information on salary
A10: Head | B10: info | C10: info | E10: info | F10: info | G10: public | H10: public | I10: public | J10: info | K10: public | L10: info | M10: public | O10: public | P10: info | Q10: info | R10: info
A11: Deputy head | B11: info | C11: info | E11: info | G11: public | H11: public | I11: public | K11: public | L11: info | M11: public | O11: public | P11: info | Q11: info
A12: Members of the Board | B12: NULL | C12: NULL | D12: NULL | E12: NULL | F12: NULL | G12: NULL | H12: NULL | I12: NULL | J12: NULL | K12: NULL | L12: NULL | M12: NULL | N12: NULL | P12: NULL | R12: NULL
A13: High-ranking officials | C13: info | E13: info | F13: info | G13: public | H13: public | K13: public | L13: public | M13: public | Q13: info | R13: info
A14: Employees | C14: info | E14: info | F14: info | H14: public | P14: info | Q14: info | R14: info
A16: public = publicly available | B16: 100 % of points
A17: info = upon information request | B17: 50 % of points
A18: [empty] = not given | B18: 0 % of points
A19: NULL = not applicable | B19: NULL
A21: Calculations
A22: Calculated?
A23: Head | B23: 1 | C23: 1 | D23: 0 | E23: 1 | F23: 1 | G23: 1 | H23: 1 | I23: 1 | J23: 1 | K23: 1 | L23: 1 | M23: 1 | N23: 0 | O23: 1 | P23: 1 | Q23: 1 | R23: 1
A24: Deputy head | B24: 1 | C24: 1 | D24: 0 | E24: 1 | F24: 0 | G24: 1 | H24: 1 | I24: 1 | J24: 0 | K24: 1 | L24: 1 | M24: 1 | N24: 0 | O24: 1 | P24: 1 | Q24: 1 | R24: 0
A25: Members of the Board | B25: 0 | C25: 0 | D25: 0 | E25: 0 | F25: 0 | G25: 0 | H25: 0 | I25: 0 | J25: 0 | K25: 0 | L25: 0 | M25: 0 | N25: 0 | O25: 0 | P25: 0 | Q25: 0 | R25: 0
A26: High-ranking officials | B26: 0 | C26: 1 | D26: 0 | E26: 1 | F26: 1 | G26: 1 | H26: 1 | I26: 0 | J26: 0 | K26: 1 | L26: 1 | M26: 1 | N26: 0 | O26: 0 | P26: 0 | Q26: 1 | R26: 1
A27: Employees | B27: 0 | C27: 1 | D27: 0 | E27: 1 | F27: 1 | G27: 0 | H27: 1 | I27: 0 | J27: 0 | K27: 0 | L27: 0 | M27: 0 | N27: 0 | O27: 0 | P27: 1 | Q27: 1 | R27: 1
A29: Salary transformed to 0 - 1 scale
A30: Head | B30: 0.17881401 | C30: 0.045324461 | E30: 0.49096867 | F30: 0.50640815 | G30: 0.42329399 | H30: 0.40738243 | I30: 0.47366122 | J30: 0.084988917 | K30: 0.55163626 | L30: 1 | M30: 0.20734635 | O30: 0.70185611 | P30: 0.12727955 | Q30: 0.094965458 | R30: 0.09840043
A31: Deputy head | B31: 0.22349749 | C31: 0.098602425 | E31: 0.27799992 | G31: 0.50720084 | H31: 0.3188895 | I31: 0.44093831 | K31: 0.9049109 | L31: 0.88349497 | M31: 0.1062641 | O31: 1 | P31: 0.19474523 | Q31: 0.08375527
A32: Members of the Board
A33: High-ranking officials | C33: 0.050450258 | E33: 0.21696394 | F33: 0.3473721 | G33: 0.26730347 | H33: 0.19178152 | K33: 1 | L33: 0.6088313 | M33: 0.12951457 | Q33: 0.031679736 | R33: 0.083024528
A34: Employees | C34: 0.23665632 | E34: 0.61686888 | F34: 1 | H34: 0.88584526 | P34: 0.38815571 | Q34: 0.15711064 | R34: 0.31463144
A36: Salary 0 - 1 after log transformation
A37: Head | B37: 0.3739473 | C37: 0.12325891 | E37: 0.70493196 | F37: 0.71687212 | G37: 0.64906285 | H37: 0.63499838 | I37: 0.69120988 | J37: 0.21124012 | K37: 0.75033693 | L37: 1 | M37: 0.41472088 | O37: 0.84807247 | P37: 0.29097712 | Q37: 0.23119235 | R37: 0.23788705
A38: Deputy head | B38: 0.40917243 | C38: 0.21610899 | E38: 0.47683754 | G38: 0.69788107 | H38: 0.52290622 | I38: 0.64209701 | K38: 0.95261496 | L38: 0.94139087 | M38: 0.22997872 | O38: 1 | P38: 0.37004438 | Q38: 0.1882562
A39: Members of the Board
A40: High-ranking officials | C40: 0.15163834 | E40: 0.45396333 | F40: 0.60151794 | G40: 0.51661492 | H40: 0.41911924 | K40: 1 | L40: 0.80350298 | M40: 0.31966706 | Q40: 0.10084638 | R40: 0.22837978
A41: Employees | C41: 0.44010268 | E41: 0.7877655 | F41: 1 | H41: 0.94490273 | P41: 0.60582455 | Q41: 0.32767312 | R41: 0.53162519

Sheet comments
A1: quest. | C1: 1 | D1: 2 | E1: 3 | F1: 4 | G1: 5 | H1: 6 | I1: 7 | J1: 8 | K1: 9 | L1: 10 | M1: 11 | N1: 12 | O1: 13 | P1: 14 | Q1: 15 | R1: 16 | S1: 17 | U1: 1 | V1: 2 | W1: 3 | X1: 4 | Y1: 5 | Z1: 6 | AA1: 7 | AB1: 8 | AC1: 9 | AD1: 10 | AE1: 11 | AF1: 12 | AG1: 13 | AH1: 14 | AI1: 15 | AJ1: 16 | AK1: 17
A2: ID | B2: cat | C2: EN | D2: EN | E2: EN | F2: EN | G2: EN | H2: EN | I2: EN | J2: EN | K2: EN | L2: EN | M2: EN | N2: EN | O2: EN | P2: EN | Q2: EN | R2: EN | S2: EN | U2: UA | V2: UA | W2: UA | X2: UA | Y2: UA | Z2: UA | AA2: UA | AB2: UA | AC2: UA | AD2: UA | AE2: UA | AF2: UA | AG2: UA | AH2: UA | AI2: UA | AJ2: UA | AK2: UA
A3: 1 | B3: I
A4: 2 | B4: I
A5: 3 | B5: I
A6: 4 | B6: I
A7: 5 | B7: I
A8: 6 | B8: I
A9: 7 | B9: I
A10: 8 | B10: I
A11: 9 | B11: I
A12: 10 | B12: I
A13: 11 | B13: I
A14: 12 | B14: I
... A46: 5 | B46: IV
A47: 6 | B47: IV | C47: 55 358 ₴ | D47: 14 032 ₴ | F47: 151 997 ₴ | G47: 156 777 ₴ | H47: 131 046 ₴ | J47: 146 639 ₴ | K47: 26 311 ₴ | L47: 170 779 ₴ | M47: 309 586 ₴ | N47: 64 192 ₴ | P47: 217 285 ₴ | Q47: 39 404 ₴ | R47: 29 400 ₴ | S47: 30 463 ₴ | U47: 55 358 ₴ | V47: 14 032 ₴ | X47: 151 997 ₴ | Y47: 156 777 ₴ | Z47: 131 046 ₴ | AB47: 146 639 ₴ | AC47: 26 311 ₴ | AD47: 170 779 ₴ | AE47: 309 586 ₴ | AF47: 64 192 ₴ | AH47: 217 285 ₴ | AI47: 39 404 ₴ | AJ47: 29 400 ₴ | AK47: 30 463 ₴
A48: 7 | B48: IV | C48: 70 714 ₴ | D48: 31 198 ₴ | F48: 87 959 ₴ | H48: 160 477 ₴ | J48: 139 512 ₴ | L48: 286 312 ₴ | M48: 279 536 ₴ | N48: 33 622 ₴ | P48: 316 398 ₴ | Q48: 61 617 ₴ | R48: 26 500 ₴ | U48: 70 714 ₴ | V48: 31 198 ₴ | X48: 87 959 ₴ | Z48: 160 477 ₴ | AB48: 139 512 ₴ | AD48: 286 312 ₴ | AE48: 279 536 ₴ | AF48: 33 622 ₴ | AH48: 316 398 ₴ | AI48: 61 617 ₴ | AJ48: 26 500 ₴
A49: 8 | B49: IV | C49: NULL | D49: NULL | E49: NULL | F49: NULL | G49: NULL | H49: NULL | I49: NULL | J49: NULL | K49: NULL | L49: NULL | M49: NULL | N49: NULL | O49: NULL | Q49: NULL | S49: NULL | U49: NULL | V49: NULL | W49: NULL | X49: NULL | Y49: NULL | Z49: NULL | AA49: NULL | AB49: NULL | AC49: NULL | AD49: NULL | AE49: NULL | AF49: NULL | AG49: NULL | AI49: NULL | AK49: NULL
A50: 9 | B50: IV | D50: 19 906 ₴ | F50: 85 608 ₴ | G50: 137 064 ₴ | H50: 105 471 ₴ | L50: 394 574 ₴ | M50: 240 229 ₴ | N50: 51 103 ₴ | R50: 12 500 ₴ | S50: 32 759 ₴ | V50: 19 906 ₴ | X50: 85 608 ₴ | Y50: 137 064 ₴ | Z50: 105 471 ₴ | AD50: 394 574 ₴ | AE50: 240 229 ₴ | AF50: 51 103 ₴ | AJ50: 12 500 ₴ | AK50: 32 759 ₴
A51: 10 | B51: IV | D51: 12 804 ₴ | F51: 33 374 ₴ | G51: 54 102 ₴ | Q51: 21 000 ₴ | R51: 8 500 ₴ | S51: 17 022 ₴ | V51: 12 804 ₴ | X51: 33 374 ₴ | Y51: 54 102 ₴ | AI51: 21 000 ₴ | AJ51: 8 500 ₴ | AK51: 17 022 ₴
A52: 1 | B52: V | C52: https://tax.gov.ua/pro-sts-ukraini/robota-z-personalom/ | D52: There is no section with vacancies on the portal of State Fiscal Service of Ukraine. All vacancies are available on the job portal: https://career.gov.ua/site/view-vacantion?id=2170 | E52: No published vacancies for the category A- https://customs.gov.ua/upravlinnia-personalom On the job portal there is the actual vacancy for the category A as of 07.04.2021 - https://career.gov.ua/site/view-vacantion?id=62547 | F52: https://amcu.gov.ua/timeline?&type=posts&category_id=3 | G52: https://www.nerc.gov.ua/?id=14850 | H52: https://nazk.gov.ua/uk/vakansiyi/ The link to the job portal: https://career.gov.ua/ | I52: https://nabu.gov.ua/novyny/vakansiyi https://nabu.gov.ua/vakansii | J52: https://www.gp.gov.ua/ua/dob_2 https://www.gp.gov.ua/ua/sap_n https://www.gp.gov.ua/ua/der_sl https://www.gp.gov.ua/ua/kon_zpds | K52: https://www.npu.gov.ua/vakansiji/ | L52: https://supreme.court.gov.ua/supreme/pokazniki-diyalnosti/konkursdergposad/2021_04_08_nakaz_36 | M52: https://ccu.gov.ua/storinka/ogoloshennya-pro-konkurs-na-zaynyattya-vakantnyh-posad | N52: https://ombudsman.gov.ua/ua/page/secretariat/competition-to-fill-the-vacancies/ | O52: https://boi.org.ua/en/publications/news/1357-vakansiya-ofis-menedzher/ https://www.facebook.com/czvl.staff/posts/850912921642725/ https://happymonday.ua/job/communications-assistant-do-business-ombudsman-council https://www.kmu.gov.ua/news/rozpochavsya-prijom-zayavok-na-posadu-biznes-ombudsmena-v-ukrayini | P52: https://bank.gov.ua/ua/about/recruiting/vacancies | Q52: http://www.spfu.gov.ua/ua/content/fund-careerscompetitions-careers-actual.html http://www.spfu.gov.ua/ua/content/fund-careerscompetitions-competitions-actual.html | R52: https://www.pfu.gov.ua/diyalnist/upravlinnya-personalom/vakansiyi/informatsiya-pro-ogoloshennya-konkursu-na-zajnyattya-vakantnyh-posad-derzhavnoyi-sluzhby-aparatom-pfu/ | S52: https://www.nssmc.gov.ua/about-us/careers/#tab-2 | U52: https://tax.gov.ua/pro-sts-ukraini/robota-z-personalom/ | V52: На сайті відсутній розділ вакансій. Проте всі наявні та проведені конкурси можна переглянути на Єдиному порталі вакансій державної служби НАДС https://career.gov.ua/site/view-vacantion?id=2170 | W52: На сайті є розділ "Вакансії", проте не опубліковано вакансій категорії А - https://customs.gov.ua/upravlinnia-personalom На сайті НАДС є актуальна вакансія категорії А станом на 07.04.2021 - https://career.gov.ua/site/view-vacantion?id=62547 | X52: https://amcu.gov.ua/timeline?&type=posts&category_id=3 | Y52: https://www.nerc.gov.ua/?id=14850 | Z52: https://nazk.gov.ua/uk/vakansiyi/ на сайті є розділ "Вакансії", проте вакансій тут не публікують, посилання на портал вакансій https://career.gov.ua/ | AA52: https://nabu.gov.ua/novyny/vakansiyi https://nabu.gov.ua/vakansii | AB52: https://www.gp.gov.ua/ua/dob_2 https://www.gp.gov.ua/ua/sap_n https://www.gp.gov.ua/ua/der_sl https://www.gp.gov.ua/ua/kon_zpds | AC52: https://www.npu.gov.ua/vakansiji/ | AD52: https://supreme.court.gov.ua/supreme/pokazniki-diyalnosti/konkursdergposad/2021_04_08_nakaz_36 | AE52: https://ccu.gov.ua/storinka/ogoloshennya-pro-konkurs-na-zaynyattya-vakantnyh-posad | AF52: https://ombudsman.gov.ua/ua/page/secretariat/competition-to-fill-the-vacancies/ | AG52: Вакансії публікують на сайті Ради в розділі "Новини": https://boi.org.ua/en/publications/news/1357-vakansiya-ofis-menedzher/ А також на сайтах компаній з пошуку трудових ресурсів: https://www.facebook.com/czvl.staff/posts/850912921642725/ https://happymonday.ua/job/communications-assistant-do-business-ombudsman-council Та на сайті Урядового порталу: https://www.kmu.gov.ua/news/rozpochavsya-prijom-zayavok-na-posadu-biznes-ombudsmena-v-ukrayini | AH52: https://bank.gov.ua/ua/about/recruiting/vacancies | AI52: http://www.spfu.gov.ua/ua/content/fund-careerscompetitions-careers-actual.html http://www.spfu.gov.ua/ua/content/fund-careerscompetitions-competitions-actual.html | AJ52: https://www.pfu.gov.ua/diyalnist/upravlinnya-personalom/vakansiyi/informatsiya-pro-ogoloshennya-konkursu-na-zajnyattya-vakantnyh-posad-derzhavnoyi-sluzhby-aparatom-pfu/ | AK52: https://www.nssmc.gov.ua/about-us/careers/#tab-2
A53: 2 | B53: V | P53: https://zakon.rada.gov.ua/laws/show/z1400-13#Text | AH53: 3. Особи, які подали необхідні документи для участі в конкурсі, є кандидатами на зайняття посади державної служби https://zakon.rada.gov.ua/laws/show/z1400-13#Text
A54: 3 | B54: V | O54: A business ombudsman and deputy business ombudsman can be a citizen of Ukraine, a foreigner or a stateless person https://zakon.rada.gov.ua/laws/show/691-2014-%D0%BF#Text | P54: Persons who have the citizenship of another state are not allowed to participate in the competition https://zakon.rada.gov.ua/laws/show/z1400-13#Text | U54: На державну службу не може вступити особа, яка: - має громадянство іншої держави https://career.gov.ua/site/view-article?id=67 | V54: На державну службу не може вступити особа, яка: - має громадянство іншої держави https://career.gov.ua/site/view-article?id=67 | W54: На державну службу не може вступити особа, яка: - має громадянство іншої держави https://career.gov.ua/site/view-article?id=67 | X54: На державну службу не може вступити особа, яка: - має громадянство іншої держави https://career.gov.ua/site/view-article?id=67 | Y54: На державну службу не може вступити особа, яка: - має громадянство іншої держави https://career.gov.ua/site/view-article?id=67 | Z54: На державну службу не може вступити особа, яка: - має громадянство іншої держави https://career.gov.ua/site/view-article?id=67 | AA54: На державну службу не може вступити особа, яка: - має громадянство іншої держави https://career.gov.ua/site/view-article?id=67 | AB54: На державну службу не може вступити особа, яка: - має громадянство іншої держави https://career.gov.ua/site/view-article?id=67 | AC54: На державну службу не може вступити особа, яка: - має громадянство іншої держави https://career.gov.ua/site/view-article?id=67 | AD54: На державну службу не може вступити особа, яка: - має громадянство іншої держави https://career.gov.ua/site/view-article?id=67 | AE54: На державну службу не може вступити особа, яка: - має громадянство іншої держави https://career.gov.ua/site/view-article?id=67 | AG54: Бізнес-омбудсменом та заступником бізнес-омбудсмена може бути громадянин України, іноземець або особа без громадянства, який має бездоганну ділову репутацію, високі моральні якості, повну вищу економічну або юридичну освіту, глибокі знання господарських, суспільних та владних проблем в Україні, відповідно до критеріїв, визначених наглядовою радою. https://zakon.rada.gov.ua/laws/show/691-2014-%D0%BF#Text | AH54: До участі в конкурсі не допускаються особи, які: мають громадянство іншої держави https://zakon.rada.gov.ua/laws/show/z1400-13#Text | AI54: На державну службу не може вступити особа, яка: - має громадянство іншої держави https://career.gov.ua/site/view-article?id=67 | AJ54: На державну службу не може вступити особа, яка: - має громадянство іншої держави https://career.gov.ua/site/view-article?id=67 | AK54: На державну службу не може вступити особа, яка: - має громадянство іншої держави https://career.gov.ua/site/view-article?id=67
A55: 4 | B55: V
A56: 5 | B56: V | N56: Documents are accepted within 15 calendar days from the date of publication of information about the competition | O56: https://boi.org.ua/en/publications/news/1357-vakansiya-ofis-menedzher/ | P56: The announcement is published no later than one month before the competition. https://zakon.rada.gov.ua/laws/show/z1400-13#Text | AF56: Документи приймаються протягом 15 календарних днів з дня оприлюднення інформації про проведення конкурсу | AG56: https://boi.org.ua/en/publications/news/1357-vakansiya-ofis-menedzher/ | AH56: 1. Оголошення про проведення конкурсу оприлюднюється на відповідній сторінці Офіційного інтернет-представництва Національного банку України або в інших засобах масової інформації не пізніше ніж за місяць до проведення конкурсу. https://zakon.rada.gov.ua/laws/show/z1400-13#Text
A57: 6 | B57: V | G57: https://www.nerc.gov.ua/?id=23862 https://www.nerc.gov.ua/data/filearch/Derzh_sluzhba/vakancii/Doc_konkurs/reziume.pdf | H57: https://nazk.gov.ua/uk/ogoloshennya-konkursu/ Personal card of a civil servant | L57: https://supreme.court.gov.ua/supreme/pokazniki-diyalnosti/konkursdergposad/perelik_dokumentiv | M57: https://ccu.gov.ua/storinka/informaciya-dlya-uchasti-u-konkursi | N57: https://ombudsman.gov.ua/ua/page/secretariat/competition-to-fill-the-vacancies/konkurs-na-zajnyattya-posad-derzhavnoii-sluzhbi/perel%D1%96k-%D1%96nformac%D1%96%D1%97-dlya-uchast%D1%96-v-konkurs%D1%96.html | O57: https://boi.org.ua/en/publications/news/1357-vakansiya-ofis-menedzher/ | P57: https://bank.gov.ua/ua/about/recruiting Resume and essay | Q57: http://www.spfu.gov.ua/ua/content/fund-careerscompetitions-competitions.html | Y57: https://www.nerc.gov.ua/?id=23862 https://www.nerc.gov.ua/data/filearch/Derzh_sluzhba/vakancii/Doc_konkurs/reziume.pdf | Z57: https://nazk.gov.ua/uk/ogoloshennya-konkursu/ Особова картка державного службовця | AA57: Заповнена власноруч або за допомогою комп’ютера анкета кандидата на посаду до Національного антикорупційного бюро України та заповнена власноруч автобіографія; | AD57: https://supreme.court.gov.ua/supreme/pokazniki-diyalnosti/konkursdergposad/perelik_dokumentiv | AE57: https://ccu.gov.ua/storinka/informaciya-dlya-uchasti-u-konkursi | AF57: https://ombudsman.gov.ua/ua/page/secretariat/competition-to-fill-the-vacancies/konkurs-na-zajnyattya-posad-derzhavnoii-sluzhbi/perel%D1%96k-%D1%96nformac%D1%96%D1%97-dlya-uchast%D1%96-v-konkurs%D1%96.html | AG57: https://boi.org.ua/en/publications/news/1357-vakansiya-ofis-menedzher/ | AH57: https://bank.gov.ua/ua/about/recruiting Подання резюме та есе | AI57: http://www.spfu.gov.ua/ua/content/fund-careerscompetitions-competitions.html | AK57: заповнена особова картка встановленого зразка;
A58: 7 | B58: V | O58: https://boi.org.ua/en/publications/news/1357-vakansiya-ofis-menedzher/ | P58: https://bank.gov.ua/ua/about/recruiting/vacancies/starshiy-ekonomist-departament-metodologiyi-regulyuvannya-diyalnosti-bankiv | U58: Заява про участь у конкурсі із зазначенням основних мотивів щодо зайняття посади встановленої форми https://career.gov.ua/site/view-article?id=9 | V58: Заява про участь у конкурсі із зазначенням основних мотивів щодо зайняття посади встановленої форми https://career.gov.ua/site/view-article?id=9 | W58: Заява про участь у конкурсі із зазначенням основних мотивів щодо зайняття посади встановленої форми https://career.gov.ua/site/view-article?id=9 | X58: Заява про участь у конкурсі із зазначенням основних мотивів щодо зайняття посади встановленої форми https://career.gov.ua/site/view-article?id=9 | Y58: Заява про участь у конкурсі із зазначенням основних мотивів щодо зайняття посади встановленої форми https://career.gov.ua/site/view-article?id=9 | Z58: Заява про участь у конкурсі із зазначенням основних мотивів щодо зайняття посади встановленої форми https://career.gov.ua/site/view-article?id=9 | AA58: Заява про участь у конкурсі із зазначенням основних мотивів щодо зайняття посади встановленої форми https://career.gov.ua/site/view-article?id=9 | AB58: Заява про участь у конкурсі із зазначенням основних мотивів щодо зайняття посади встановленої форми https://career.gov.ua/site/view-article?id=9 | AC58: Заява про участь у конкурсі із зазначенням основних мотивів щодо зайняття посади встановленої форми https://career.gov.ua/site/view-article?id=9 | AD58: Заява про участь у конкурсі із зазначенням основних мотивів щодо зайняття посади встановленої форми https://career.gov.ua/site/view-article?id=9 | AE58: Заява про участь у конкурсі із зазначенням основних мотивів щодо зайняття посади встановленої форми https://career.gov.ua/site/view-article?id=9 | AF58: Заява про участь у доборі із зазначенням основних мотивів щодо зайняття посади | AG58: https://boi.org.ua/en/publications/news/1357-vakansiya-ofis-menedzher/ | AH58: Навпроти кожної вакансії, з права, є можливість в електронному режимі подати резюме та супровідний лист: https://bank.gov.ua/ua/about/recruiting/vacancies/starshiy-ekonomist-departament-metodologiyi-regulyuvannya-diyalnosti-bankiv | AI58: Заява про участь у конкурсі із зазначенням основних мотивів щодо зайняття посади встановленої форми https://career.gov.ua/site/view-article?id=9 | AJ58: Заява про участь у конкурсі із зазначенням основних мотивів щодо зайняття посади встановленої форми https://career.gov.ua/site/view-article?id=9 | AK58: Заява про участь у конкурсі із зазначенням основних мотивів щодо зайняття посади встановленої форми https://career.gov.ua/site/view-article?id=9
A59: 8 | B59: V | P59: The person has the right to submit other documents to the application for participation in the competition https://zakon.rada.gov.ua/laws/show/z1400-13#Text | AH59: Особа, яка бажає взяти участь у конкурсі, має право додати до заяви про участь у конкурсі інші документи, крім зазначених у пункті 1 цього розділу. https://zakon.rada.gov.ua/laws/show/z1400-13#Text
A60: 9 | B60: V | N60: https://declarations.com.ua/declaration/nacp_2a2e6580-6d81-4fe8-ac89-2c365a3562b2 | P60: https://zakon.rada.gov.ua/laws/show/z1400-13#Text | AF60: Підтвердження подання декларації особи, уповноваженої на виконання функцій держави або місцевого самоврядування, за минулий рік https://declarations.com.ua/declaration/nacp_2a2e6580-6d81-4fe8-ac89-2c365a3562b2 Для кандидатів на посади категорії Б та В немає такої вимоги | AG60: Це не державна установа | AH60: Декларацію про майно, доходи, витрати і зобов’язання фінансового характеру за минулий рік згідно із Законом України “Про засади запобігання і протидії корупції” https://zakon.rada.gov.ua/laws/show/z1400-13#Text
A61: 10 | B61: V | O61: https://boi.org.ua/publications/news/1185-call-for-application-the-position-of-the-business-ombudsman-in-ukraine | P61: https://zakon.rada.gov.ua/laws/show/z1400-13#Text | AG61: На посаду бізнес-омбудсмена не можуть бути обрані особи, визнані судом недієздатними або цивільна дієздатність яких обмежена, а також особи з судимістю за вчинені злочини, у тому числі за кордоном, яка не була погашена згідно з встановленою процедурою. https://boi.org.ua/publications/news/1185-call-for-application-the-position-of-the-business-ombudsman-in-ukraine | AH61: https://zakon.rada.gov.ua/laws/show/z1400-13#Text
A62: 11 | B62: V
A63: 12 | B63: V | O63: knowledge of foreign language (English or French) is required not only from managers but also from specialists | P63: Knowledge of foreign language (English or French) is required not only from managers but also from specialists | AG63: вимагається знання англійської не лише від керівників, а й від спеціалістів | AH63: вимагається знання англійської не лише від керівників, а й від спеціалістів
A64: 13 | B64: V | O64: https://boi.org.ua/publications/news/1185-call-for-application-the-position-of-the-business-ombudsman-in-ukraine | P64: https://zakon.rada.gov.ua/laws/show/679-14#Text | U64: нічого не вказано в постанові https://zakon.rada.gov.ua/laws/show/246-2016-%D0%BF та на сайті https://career.gov.ua/site/view-article?id=67 | V64: нічого не вказано в постанові https://zakon.rada.gov.ua/laws/show/246-2016-%D0%BF та на сайті https://career.gov.ua/site/view-article?id=67 | W64: нічого не вказано в постанові https://zakon.rada.gov.ua/laws/show/246-2016-%D0%BF та на сайті https://career.gov.ua/site/view-article?id=67 | X64: нічого не вказано в постанові https://zakon.rada.gov.ua/laws/show/246-2016-%D0%BF та на сайті https://career.gov.ua/site/view-article?id=67 | Y64: нічого не вказано в постанові https://zakon.rada.gov.ua/laws/show/246-2016-%D0%BF та на сайті https://career.gov.ua/site/view-article?id=67 | Z64: нічого не вказано в постанові https://zakon.rada.gov.ua/laws/show/246-2016-%D0%BF та на сайті https://career.gov.ua/site/view-article?id=67 | AA64: нічого не вказано в постанові https://zakon.rada.gov.ua/laws/show/246-2016-%D0%BF та на сайті https://career.gov.ua/site/view-article?id=67 | AB64: нічого не вказано в постанові https://zakon.rada.gov.ua/laws/show/246-2016-%D0%BF та на сайті https://career.gov.ua/site/view-article?id=67 | AC64: нічого не вказано в постанові https://zakon.rada.gov.ua/laws/show/246-2016-%D0%BF та на сайті https://career.gov.ua/site/view-article?id=67 | AD64: нічого не вказано в постанові https://zakon.rada.gov.ua/laws/show/246-2016-%D0%BF та на сайті https://career.gov.ua/site/view-article?id=67 | AE64: нічого не вказано в постанові https://zakon.rada.gov.ua/laws/show/246-2016-%D0%BF та на сайті https://career.gov.ua/site/view-article?id=67 | AF64: нічого не вказано в постанові https://zakon.rada.gov.ua/laws/show/246-2016-%D0%BF та на сайті https://career.gov.ua/site/view-article?id=67 | AG64: На посаду бізнес-омбудсмена не можуть призначатися особи, які є або протягом останніх трьох років були державними службовцями в Україні або обіймали в Україні будь-які посади у центральних або місцевих органах влади чи суб’єктах господарювання, які знаходяться у сфері управління центральних або місцевих органів влади. https://boi.org.ua/publications/news/1185-call-for-application-the-position-of-the-business-ombudsman-in-ukraine | AH64: Особа не може бути членом Ради Національного банку, якщо вона має представницький мандат або є членом Кабінету Міністрів України, або обіймає чи обіймала посаду керівника органу державної влади (заступника керівника) та іншого державного органу (якщо не минув один рік з дня її звільнення з такої посади), або є особою, уповноваженою на виконання функцій держави або місцевого самоврядування, або є керівником (заступником керівника) підприємства, установи та організації, або є керівником політичної партії чи членом керівних органів політичної партії, є посадовою особою, яка перебуває у трудових відносинах або надає послуги відповідно до цивільно-правового договору юридичній особі, яка надає фінансові послуги і знаходиться під наглядом Національного банку, або є власником істотної участі в такій юридичній особі. https://zakon.rada.gov.ua/laws/show/679-14#Text Особа не може бути заступником Голови Національного банку, якщо вона має представницький мандат або обіймає чи обіймала посаду керівника органу державної влади та іншого державного органу (якщо не минув один рік з дня її звільнення з такої посади), або є керівником політичної партії чи членом керівних органів політичної партії, або є керівником чи входить до складу керівного органу юридичної особи (за винятком Національного банку, а також інших юридичних осіб, у керівних органах яких законом передбачено участь представників Національного банку або в яких є акції (частки, паї), що належать державі), або є прямим чи опосередкованим власником будь-якої кількості акцій банку. На час перебування на посаді заступник Голови Національного банку зупиняє членство в політичній партії. | AI64: нічого не вказано в постанові https://zakon.rada.gov.ua/laws/show/246-2016-%D0%BF та на сайті https://career.gov.ua/site/view-article?id=67 | AJ64: нічого не вказано в постанові https://zakon.rada.gov.ua/laws/show/246-2016-%D0%BF та на сайті https://career.gov.ua/site/view-article?id=67 | AK64: нічого не вказано в постанові https://zakon.rada.gov.ua/laws/show/246-2016-%D0%BF та на сайті https://career.gov.ua/site/view-article?id=67
A65: 14 | B65: V | P65: https://bank.gov.ua/ua/about/recruiting/vacancies | U65: Право на державну службу мають повнолітні громадяни України, які вільно володіють державною мовою та яким присвоєно ступінь вищої освіти не нижче: магістра - для посад категорій «А» і «Б»; бакалавра, молодшого бакалавра - для посад категорії «В». https://career.gov.ua/site/view-article?id=67 | V65: Право на державну службу мають повнолітні громадяни України, які вільно володіють державною мовою та яким присвоєно ступінь вищої освіти не нижче: магістра - для посад категорій «А» і «Б»; бакалавра, молодшого бакалавра - для посад категорії «В». https://career.gov.ua/site/view-article?id=67 | W65: Право на державну службу мають повнолітні громадяни України, які вільно володіють державною мовою та яким присвоєно ступінь вищої освіти не нижче: магістра - для посад категорій «А» і «Б»; бакалавра, молодшого бакалавра - для посад категорії «В». https://career.gov.ua/site/view-article?id=67 | X65: Право на державну службу мають повнолітні громадяни України, які вільно володіють державною мовою та яким присвоєно ступінь вищої освіти не нижче: магістра - для посад категорій «А» і «Б»; бакалавра, молодшого бакалавра - для посад категорії «В». https://career.gov.ua/site/view-article?id=67 | Y65: Право на державну службу мають повнолітні громадяни України, які вільно володіють державною мовою та яким присвоєно ступінь вищої освіти не нижче: магістра - для посад категорій «А» і «Б»; бакалавра, молодшого бакалавра - для посад категорії «В». https://career.gov.ua/site/view-article?id=67 | Z65: Право на державну службу мають повнолітні громадяни України, які вільно володіють державною мовою та яким присвоєно ступінь вищої освіти не нижче: магістра - для посад категорій «А» і «Б»; бакалавра, молодшого бакалавра - для посад категорії «В». https://career.gov.ua/site/view-article?id=67 | AA65: Право на державну службу мають повнолітні громадяни України, які вільно володіють державною мовою та яким присвоєно ступінь вищої освіти не нижче: магістра - для посад категорій «А» і «Б»; бакалавра, молодшого бакалавра - для посад категорії «В». https://career.gov.ua/site/view-article?id=67 | AB65: Право на державну службу мають повнолітні громадяни України, які вільно володіють державною мовою та яким присвоєно ступінь вищої освіти не нижче: магістра - для посад категорій «А» і «Б»; бакалавра, молодшого бакалавра - для посад категорії «В». https://career.gov.ua/site/view-article?id=67 | AC65: Право на державну службу мають повнолітні громадяни України, які вільно володіють державною мовою та яким присвоєно ступінь вищої освіти не нижче: магістра - для посад категорій «А» і «Б»; бакалавра, молодшого бакалавра - для посад категорії «В». https://career.gov.ua/site/view-article?id=67 | AD65: Право на державну службу мають повнолітні громадяни України, які вільно володіють державною мовою та яким присвоєно ступінь вищої освіти не нижче: магістра - для посад категорій «А» і «Б»; бакалавра, молодшого бакалавра - для посад категорії «В». https://career.gov.ua/site/view-article?id=67 | AE65: Право на державну службу мають повнолітні громадяни України, які вільно володіють державною мовою та яким присвоєно ступінь вищої освіти не нижче: магістра - для посад категорій «А» і «Б»; бакалавра, молодшого бакалавра - для посад категорії «В». https://career.gov.ua/site/view-article?id=67 | AH65: https://bank.gov.ua/ua/about/recruiting/vacancies | AI65: Право на державну службу мають повнолітні громадяни України, які вільно володіють державною мовою та яким присвоєно ступінь вищої освіти не нижче: магістра - для посад категорій «А» і «Б»; бакалавра, молодшого бакалавра - для посад категорії «В». https://career.gov.ua/site/view-article?id=67 | AJ65: Право на державну службу мають повнолітні громадяни України, які вільно володіють державною мовою та яким присвоєно ступінь вищої освіти не нижче: магістра - для посад категорій «А» і «Б»; бакалавра, молодшого бакалавра - для посад категорії «В». https://career.gov.ua/site/view-article?id=67 | AK65: Право на державну службу мають повнолітні громадяни України, які вільно володіють державною мовою та яким присвоєно ступінь вищої освіти не нижче: магістра - для посад категорій «А» і «Б»; бакалавра, молодшого бакалавра - для посад категорії «В». https://career.gov.ua/site/view-article?id=67
A66: 15 | B66: V
A67: 16 | B67: V | P67: https://lb.ua/news/2020/07/04/461224_shortlist_kandidatov_post_glavi.html | U67: Публікуються списки кандидатів, допущених до участі у конкурсі та співбесіді (прізвище, ім'я та по батькові). Резюме та інші документи не оприлюднюються https://nads.gov.ua/vishchij-korpus-derzhavnoyi-sluzhbi/informaciya-pro-konkursi | V67: Публікуються списки кандидатів, допущених до участі у конкурсі та співбесіді (прізвище, ім'я та по батькові). Резюме та інші документи не оприлюднюються https://nads.gov.ua/vishchij-korpus-derzhavnoyi-sluzhbi/informaciya-pro-konkursi | W67: Публікуються списки кандидатів, допущених до участі у конкурсі та співбесіді (прізвище, ім'я та по батькові). Резюме та інші документи не оприлюднюються https://nads.gov.ua/vishchij-korpus-derzhavnoyi-sluzhbi/informaciya-pro-konkursi | X67: Публікуються списки кандидатів, допущених до участі у конкурсі та співбесіді (прізвище, ім'я та по батькові). Резюме та інші документи не оприлюднюються https://nads.gov.ua/vishchij-korpus-derzhavnoyi-sluzhbi/informaciya-pro-konkursi | Y67: Публікуються списки кандидатів, допущених до участі у конкурсі та співбесіді (прізвище, ім'я та по батькові). Резюме та інші документи не оприлюднюються https://nads.gov.ua/vishchij-korpus-derzhavnoyi-sluzhbi/informaciya-pro-konkursi | Z67: Публікуються списки кандидатів, допущених до участі у конкурсі та співбесіді (прізвище, ім'я та по батькові). Резюме та інші документи не оприлюднюються https://nads.gov.ua/vishchij-korpus-derzhavnoyi-sluzhbi/informaciya-pro-konkursi | AA67: Публікуються списки кандидатів, допущених до участі у конкурсі та співбесіді (прізвище, ім'я та по батькові). Резюме та інші документи не оприлюднюються https://nads.gov.ua/vishchij-korpus-derzhavnoyi-sluzhbi/informaciya-pro-konkursi | AB67: Публікуються списки кандидатів, допущених до участі у конкурсі та співбесіді (прізвище, ім'я та по батькові). Резюме та інші документи не оприлюднюються https://nads.gov.ua/vishchij-korpus-derzhavnoyi-sluzhbi/informaciya-pro-konkursi | AC67: Публікуються списки кандидатів, допущених до участі у конкурсі та співбесіді (прізвище, ім'я та по батькові). Резюме та інші документи не оприлюднюються https://nads.gov.ua/vishchij-korpus-derzhavnoyi-sluzhbi/informaciya-pro-konkursi | AD67: Публікуються списки кандидатів, допущених до участі у конкурсі та співбесіді (прізвище, ім'я та по батькові). Резюме та інші документи не оприлюднюються https://nads.gov.ua/vishchij-korpus-derzhavnoyi-sluzhbi/informaciya-pro-konkursi | AE67: Публікуються списки кандидатів, допущених до участі у конкурсі та співбесіді (прізвище, ім'я та по батькові). Резюме та інші документи не оприлюднюються https://nads.gov.ua/vishchij-korpus-derzhavnoyi-sluzhbi/informaciya-pro-konkursi | AF67: Публікуються списки кандидатів, допущених до участі у конкурсі та співбесіді (прізвище, ім'я та по батькові). Резюме та інші документи не оприлюднюються https://nads.gov.ua/vishchij-korpus-derzhavnoyi-sluzhbi/informaciya-pro-konkursi | AH67: https://lb.ua/news/2020/07/04/461224_shortlist_kandidatov_post_glavi.html | AI67: Публікуються списки кандидатів, допущених до участі у конкурсі та співбесіді (прізвище, ім'я та по батькові). Резюме та інші документи не оприлюднюються https://nads.gov.ua/vishchij-korpus-derzhavnoyi-sluzhbi/informaciya-pro-konkursi | AJ67: Публікуються списки кандидатів, допущених до участі у конкурсі та співбесіді (прізвище, ім'я та по батькові). Резюме та інші документи не оприлюднюються https://nads.gov.ua/vishchij-korpus-derzhavnoyi-sluzhbi/informaciya-pro-konkursi | AK67: Публікуються списки кандидатів, допущених до участі у конкурсі та співбесіді (прізвище, ім'я та по батькові). Резюме та інші документи не оприлюднюються https://nads.gov.ua/vishchij-korpus-derzhavnoyi-sluzhbi/informaciya-pro-konkursi
A68: 17 | B68: V | P68: https://zakon.rada.gov.ua/laws/show/679-14#Text | U68: питання тестових завдань та відповіді до них є закритими та не підлягають оприлюдненню. | V68: питання тестових завдань та відповіді до них є закритими та не підлягають оприлюдненню. | W68: питання тестових завдань та відповіді до них є закритими та не підлягають оприлюдненню. | X68: питання тестових завдань та відповіді до них є закритими та не підлягають оприлюдненню. | Y68: питання тестових завдань та відповіді до них є закритими та не підлягають оприлюдненню. | Z68: питання тестових завдань та відповіді до них є закритими та не підлягають оприлюдненню. | AA68: питання тестових завдань та відповіді до них є закритими та не підлягають оприлюдненню. | AB68: питання тестових завдань та відповіді до них є закритими та не підлягають оприлюдненню. | AC68: питання тестових завдань та відповіді до них є закритими та не підлягають оприлюдненню. | AD68: питання тестових завдань та відповіді до них є закритими та не підлягають оприлюдненню. | AE68: питання тестових завдань та відповіді до них є закритими та не підлягають оприлюдненню. | AH68: Кандидатури осіб для призначення Верховною Радою України членами Ради Національного банку проходять обговорення на спеціальному відкритому засіданні профільного комітету Верховної Ради України, який вносить свої рекомендації Верховній Раді України. https://zakon.rada.gov.ua/laws/show/679-14#Text | AI68: Фонд державного майна України очолює Голова, який за згодою Верховної Ради України призначається на посаду та звільняється з посади Президентом України. Перший заступник та заступник Голови Фонду державного майна України призначаються на посаду за поданням Прем'єр-міністра України та звільняються з посади Президентом України. https://zakon.rada.gov.ua/laws/show/4107-17#Text Відеозаписи проведення конкурсу на зайняття посад фахівців з питань реформ категорій “Б” і “В” зберігаються у державному органі, в якому проводився конкурс, протягом п’яти років та не підлягають оприлюдненню. https://career.gov.ua/ | AJ68: питання тестових завдань та відповіді до них є закритими та не підлягають оприлюдненню. | AK68: питання тестових завдань та відповіді до них є закритими та не підлягають оприлюдненню.
A69: 18 | B69: V | U69: Відеозаписи проведення конкурсу на зайняття посад фахівців з питань реформ категорій “Б” і “В” зберігаються у державному органі, в якому проводився конкурс, протягом п’яти років та не підлягають оприлюдненню. | V69: Відеозаписи проведення конкурсу на зайняття посад фахівців з питань реформ категорій “Б” і “В” зберігаються у державному органі, в якому проводився конкурс, протягом п’яти років та не підлягають оприлюдненню. | W69: Відеозаписи проведення конкурсу на зайняття посад фахівців з питань реформ категорій “Б” і “В” зберігаються у державному органі, в якому проводився конкурс, протягом п’яти років та не підлягають оприлюдненню. | X69: Відеозаписи проведення конкурсу на зайняття посад фахівців з питань реформ категорій “Б” і “В” зберігаються у державному органі, в якому проводився конкурс, протягом п’яти років та не підлягають оприлюдненню. | Y69: Відеозаписи проведення конкурсу на зайняття посад фахівців з питань реформ категорій “Б” і “В” зберігаються у державному органі, в якому проводився конкурс, протягом п’яти років та не підлягають оприлюдненню. | Z69: Відеозаписи проведення конкурсу на зайняття посад фахівців з питань реформ категорій “Б” і “В” зберігаються у державному органі, в якому проводився конкурс, протягом п’яти років та не підлягають оприлюдненню. | AA69: Відеозаписи проведення конкурсу на зайняття посад фахівців з питань реформ категорій “Б” і “В” зберігаються у державному органі, в якому проводився конкурс, протягом п’яти років та не підлягають оприлюдненню. | AB69: Відеозаписи проведення конкурсу на зайняття посад фахівців з питань реформ категорій “Б” і “В” зберігаються у державному органі, в якому проводився конкурс, протягом п’яти років та не підлягають оприлюдненню. | AC69: Відеозаписи проведення конкурсу на зайняття посад фахівців з питань реформ категорій “Б” і “В” зберігаються у державному органі, в якому проводився конкурс, протягом п’яти років та не підлягають оприлюдненню. | AD69: Відеозаписи проведення конкурсу на зайняття посад фахівців з питань реформ категорій “Б” і “В” зберігаються у державному органі, в якому проводився конкурс, протягом п’яти років та не підлягають оприлюдненню. | AE69: Відеозаписи проведення конкурсу на зайняття посад фахівців з питань реформ категорій “Б” і “В” зберігаються у державному органі, в якому проводився конкурс, протягом п’яти років та не підлягають оприлюдненню. | AJ69: Відеозаписи проведення конкурсу на зайняття посад фахівців з питань реформ категорій “Б” і “В” зберігаються у державному органі, в якому проводився конкурс, протягом п’яти років та не підлягають оприлюдненню. | AK69: Відеозаписи проведення конкурсу на зайняття посад фахівців з питань реформ категорій “Б” і “В” зберігаються у державному органі, в якому проводився конкурс, протягом п’яти років та не підлягають оприлюдненню. Голова та члени Національної комісії з цінних паперів та фондового ринку призначаються на посади та звільняються з посад Президентом України шляхом видання відповідного указу.
A70: 19 | B70: V | U70: Немає чіткої вимоги щодо презентації стратегії | V70: Немає чіткої вимоги щодо презентації стратегії | W70: Немає чіткої вимоги щодо презентації стратегії | X70: Немає чіткої вимоги щодо презентації стратегії | Y70: Немає чіткої вимоги щодо презентації стратегії | Z70: Немає чіткої вимоги щодо презентації стратегії | AA70: Немає чіткої вимоги щодо презентації стратегії | AB70: Немає чіткої вимоги щодо презентації стратегії | AC70: Немає чіткої вимоги щодо презентації стратегії | AD70: Немає чіткої вимоги щодо презентації стратегії | AE70: Немає чіткої вимоги щодо презентації стратегії | AF70: Немає чіткої вимоги щодо презентації стратегії | AG70: Немає чіткої вимоги щодо презентації стратегії | AH70: Немає чіткої вимоги щодо презентації стратегії | AI70: Немає чіткої вимоги щодо презентації стратегії | AJ70: Немає чіткої вимоги щодо презентації стратегії | AK70: Немає чіткої вимоги щодо презентації стратегії
A71: 20 | B71: V | P71: When electing the Chairman of the NBU, media representatives have the right to access the meetings of the Verkhovna Rada https://www.rada.gov.ua/news/Poryadok_akredytatsiji/43835.html https://zakon.rada.gov.ua/laws/show/679-14#Text | U71: Засідання Комісії відкриті для представників засобів масової інформації та журналістів за попередньою акредитацією відповідно до законодавства, крім випадків проведення закритого конкурсу на посади державної служби категорії «А». Від імені Комісії комунікацію із засобами масової інформації, взаємодії з установами та організаціями, інститутами громадянського суспільства та міжнародними організаціями здійснює член Комісії, уповноважений Комісією. Члени Комісії під час комунікації із засобами масової інформації, взаємодії з установами та організаціями, інститутами громадянського суспільства та міжнародними організаціями виступають від свого імені. https://nads.gov.ua/storage/app/sites/5/Komisia%20A/2020/Reglament/reglament.pdf | V71: Засідання Комісії відкриті для представників засобів масової інформації та журналістів за попередньою акредитацією відповідно до законодавства, крім випадків проведення закритого конкурсу на посади державної служби категорії «А». Від імені Комісії комунікацію із засобами масової інформації, взаємодії з установами та організаціями, інститутами громадянського суспільства та міжнародними організаціями здійснює член Комісії, уповноважений Комісією. Члени Комісії під час комунікації із засобами масової інформації, взаємодії з установами та організаціями, інститутами громадянського суспільства та міжнародними організаціями виступають від свого імені. https://nads.gov.ua/storage/app/sites/5/Komisia%20A/2020/Reglament/reglament.pdf | W71: Засідання Комісії відкриті для представників засобів масової інформації та журналістів за попередньою акредитацією відповідно до законодавства, крім випадків проведення закритого конкурсу на посади державної служби категорії «А». Від імені Комісії комунікацію із засобами масової інформації, взаємодії з установами та організаціями, інститутами громадянського суспільства та міжнародними організаціями здійснює член Комісії, уповноважений Комісією. Члени Комісії під час комунікації із засобами масової інформації, взаємодії з установами та організаціями, інститутами громадянського суспільства та міжнародними організаціями виступають від свого імені. https://nads.gov.ua/storage/app/sites/5/Komisia%20A/2020/Reglament/reglament.pdf | X71: Засідання Комісії відкриті для представників засобів масової інформації та журналістів за попередньою акредитацією відповідно до законодавства, крім випадків проведення закритого конкурсу на посади державної служби категорії «А». Від імені Комісії комунікацію із засобами масової інформації, взаємодії з установами та організаціями, інститутами громадянського суспільства та міжнародними організаціями здійснює член Комісії, уповноважений Комісією. Члени Комісії під час комунікації із засобами масової інформації, взаємодії з установами та організаціями, інститутами громадянського суспільства та міжнародними організаціями виступають від свого імені. https://nads.gov.ua/storage/app/sites/5/Komisia%20A/2020/Reglament/reglament.pdf | Y71: Засідання Комісії відкриті для представників засобів масової інформації та журналістів за попередньою акредитацією відповідно до законодавства, крім випадків проведення закритого конкурсу на посади державної служби категорії «А». Від імені Комісії комунікацію із засобами масової інформації, взаємодії з установами та організаціями, інститутами громадянського суспільства та міжнародними організаціями здійснює член Комісії, уповноважений Комісією. Члени Комісії під час комунікації із засобами масової інформації, взаємодії з установами та організаціями, інститутами громадянського суспільства та міжнародними організаціями виступають від свого імені. https://nads.gov.ua/storage/app/sites/5/Komisia%20A/2020/Reglament/reglament.pdf | Z71: Засідання Комісії відкриті для представників засобів масової інформації та журналістів за попередньою акредитацією відповідно до законодавства, крім випадків проведення закритого конкурсу на посади державної служби категорії «А». Від імені Комісії комунікацію із засобами масової інформації, взаємодії з установами та організаціями, інститутами громадянського суспільства та міжнародними організаціями здійснює член Комісії, уповноважений Комісією. Члени Комісії під час комунікації із засобами масової інформації, взаємодії з установами та організаціями, інститутами громадянського суспільства та міжнародними організаціями виступають від свого імені. https://nads.gov.ua/storage/app/sites/5/Komisia%20A/2020/Reglament/reglament.pdf | AA71: Засідання Комісії відкриті для представників засобів масової інформації та журналістів за попередньою акредитацією відповідно до законодавства, крім випадків проведення закритого конкурсу на посади державної служби категорії «А». Від імені Комісії комунікацію із засобами масової інформації, взаємодії з установами та організаціями, інститутами громадянського суспільства та міжнародними організаціями здійснює член Комісії, уповноважений Комісією. Члени Комісії під час комунікації із засобами масової інформації, взаємодії з установами та організаціями, інститутами громадянського суспільства та міжнародними організаціями виступають від свого імені. https://nads.gov.ua/storage/app/sites/5/Komisia%20A/2020/Reglament/reglament.pdf | AB71: Засідання Комісії відкриті для представників засобів масової інформації та журналістів за попередньою акредитацією відповідно до законодавства, крім випадків проведення закритого конкурсу на посади державної служби категорії «А». Від імені Комісії комунікацію із засобами масової інформації, взаємодії з установами та організаціями, інститутами громадянського суспільства та міжнародними організаціями здійснює член Комісії, уповноважений Комісією. Члени Комісії під час комунікації із засобами масової інформації, взаємодії з установами та організаціями, інститутами громадянського суспільства та міжнародними організаціями виступають від свого імені. https://nads.gov.ua/storage/app/sites/5/Komisia%20A/2020/Reglament/reglament.pdf | AC71: Засідання Комісії відкриті для представників засобів масової інформації та журналістів за попередньою акредитацією відповідно до законодавства, крім випадків проведення закритого конкурсу на посади державної служби категорії «А». Від імені Комісії комунікацію із засобами масової інформації, взаємодії з установами та організаціями, інститутами громадянського суспільства та міжнародними організаціями здійснює член Комісії, уповноважений Комісією. Члени Комісії під час комунікації із засобами масової інформації, взаємодії з установами та організаціями, інститутами громадянського суспільства та міжнародними організаціями виступають від свого імені. https://nads.gov.ua/storage/app/sites/5/Komisia%20A/2020/Reglament/reglament.pdf | AD71: Засідання Комісії відкриті для представників засобів масової інформації та журналістів за попередньою акредитацією відповідно до законодавства, крім випадків проведення закритого конкурсу на посади державної служби категорії «А». Від імені Комісії комунікацію із засобами масової інформації, взаємодії з установами та організаціями, інститутами громадянського суспільства та міжнародними організаціями здійснює член Комісії, уповноважений Комісією. Члени Комісії під час комунікації із засобами масової інформації, взаємодії з установами та організаціями, інститутами громадянського суспільства та міжнародними організаціями виступають від свого імені. https://nads.gov.ua/storage/app/sites/5/Komisia%20A/2020/Reglament/reglament.pdf | AE71: Засідання Комісії відкриті для представників засобів масової інформації та журналістів за попередньою акредитацією відповідно до законодавства, крім випадків проведення закритого конкурсу на посади державної служби категорії «А». Від імені Комісії комунікацію із засобами масової інформації, взаємодії з установами та організаціями, інститутами громадянського суспільства та міжнародними організаціями здійснює член Комісії, уповноважений Комісією. Члени Комісії під час комунікації із засобами масової інформації, взаємодії з установами та організаціями, інститутами громадянського суспільства та міжнародними організаціями виступають від свого імені. https://nads.gov.ua/storage/app/sites/5/Komisia%20A/2020/Reglament/reglament.pdf | AF71: Засідання Комісії відкриті для представників засобів масової інформації та журналістів за попередньою акредитацією відповідно до законодавства, крім випадків проведення закритого конкурсу на посади державної служби категорії «А». Від імені Комісії комунікацію із засобами масової інформації, взаємодії з установами та організаціями, інститутами громадянського суспільства та міжнародними організаціями здійснює член Комісії, уповноважений Комісією. Члени Комісії під час комунікації із засобами масової інформації, взаємодії з установами та організаціями, інститутами громадянського суспільства та міжнародними організаціями виступають від свого імені. https://nads.gov.ua/storage/app/sites/5/Komisia%20A/2020/Reglament/reglament.pdf | AH71: При обранні Голови НБУ представники ЗМІ мають право доступу до засідань ВР https://www.rada.gov.ua/news/Poryadok_akredytatsiji/43835.html Доступ до засідань Ради НБУ обмежений: На засідання Ради Національного банку можуть бути запрошені керівники центральних органів влади, представники суб'єктів підприємницької діяльності, науковці та інші фахівці. https://zakon.rada.gov.ua/laws/show/679-14#Text | AI71: Засідання Комісії відкриті для представників засобів масової інформації та журналістів за попередньою акредитацією відповідно до законодавства, крім випадків проведення закритого конкурсу на посади державної служби категорії «А». Від імені Комісії комунікацію із засобами масової інформації, взаємодії з установами та організаціями, інститутами громадянського суспільства та міжнародними організаціями здійснює член Комісії, уповноважений Комісією. Члени Комісії під час комунікації із засобами масової інформації, взаємодії з установами та організаціями, інститутами громадянського суспільства та міжнародними організаціями виступають від свого імені. https://nads.gov.ua/storage/app/sites/5/Komisia%20A/2020/Reglament/reglament.pdf | AJ71: Засідання Комісії відкриті для представників засобів масової інформації та журналістів за попередньою акредитацією відповідно до законодавства, крім випадків проведення закритого конкурсу на посади державної служби категорії «А». Від імені Комісії комунікацію із засобами масової інформації, взаємодії з установами та організаціями, інститутами громадянського суспільства та міжнародними організаціями здійснює член Комісії, уповноважений Комісією. Члени Комісії під час комунікації із засобами масової інформації, взаємодії з установами та організаціями, інститутами громадянського суспільства та міжнародними організаціями виступають від свого імені. https://nads.gov.ua/storage/app/sites/5/Komisia%20A/2020/Reglament/reglament.pdf | AK71: Засідання Комісії відкриті для представників засобів масової інформації та журналістів за попередньою акредитацією відповідно до законодавства, крім випадків проведення закритого конкурсу на посади державної служби категорії «А». Від імені Комісії комунікацію із засобами масової інформації, взаємодії з установами та організаціями, інститутами громадянського суспільства та міжнародними організаціями здійснює член Комісії, уповноважений Комісією. Члени Комісії під час комунікації із засобами масової інформації, взаємодії з установами та організаціями, інститутами громадянського суспільства та міжнародними організаціями виступають від свого імені. https://nads.gov.ua/storage/app/sites/5/Komisia%20A/2020/Reglament/reglament.pdf
A72: 21 | B72: V | C72: https://zakon.rada.gov.ua/laws/show/1006-2019-%D1%80#Text | D72: https://zakon.rada.gov.ua/laws/show/1006-2019-%D1%80#Text | E72: https://zakon.rada.gov.ua/laws/show/1006-2019-%D1%80#Text | F72: https://zakon.rada.gov.ua/laws/show/1006-2019-%D1%80#Text | G72: https://zakon.rada.gov.ua/laws/show/1006-2019-%D1%80#Text | H72: https://zakon.rada.gov.ua/laws/show/1006-2019-%D1%80#Text | I72: https://zakon.rada.gov.ua/laws/show/1006-2019-%D1%80#Text | J72: https://zakon.rada.gov.ua/laws/show/1006-2019-%D1%80#Text | K72: https://zakon.rada.gov.ua/laws/show/1006-2019-%D1%80#Text | L72: https://zakon.rada.gov.ua/laws/show/1006-2019-%D1%80#Text | M72: https://zakon.rada.gov.ua/laws/show/1006-2019-%D1%80#Text | N72: https://zakon.rada.gov.ua/laws/show/1006-2019-%D1%80#Text | Q72: https://zakon.rada.gov.ua/laws/show/1006-2019-%D1%80#Text | R72: https://zakon.rada.gov.ua/laws/show/1006-2019-%D1%80#Text | S72: https://zakon.rada.gov.ua/laws/show/1006-2019-%D1%80#Text | U72: https://zakon.rada.gov.ua/laws/show/1006-2019-%D1%80#Text | V72: https://zakon.rada.gov.ua/laws/show/1006-2019-%D1%80#Text | W72: https://zakon.rada.gov.ua/laws/show/1006-2019-%D1%80#Text | X72: https://zakon.rada.gov.ua/laws/show/1006-2019-%D1%80#Text | Y72: https://zakon.rada.gov.ua/laws/show/1006-2019-%D1%80#Text | Z72: https://zakon.rada.gov.ua/laws/show/1006-2019-%D1%80#Text | AA72: https://zakon.rada.gov.ua/laws/show/1006-2019-%D1%80#Text | AB72: https://zakon.rada.gov.ua/laws/show/1006-2019-%D1%80#Text | AC72: https://zakon.rada.gov.ua/laws/show/1006-2019-%D1%80#Text | AD72: https://zakon.rada.gov.ua/laws/show/1006-2019-%D1%80#Text | AE72: https://zakon.rada.gov.ua/laws/show/1006-2019-%D1%80#Text | AF72: Конкурсна комісія Секретаріату Уповноваженого Верховної Ради України з прав людини для проведення конкурсу на зайняття вакантних посад державної служби категорії «Б» та «В» https://ombudsman.gov.ua/ua/page/secretariat/competition-to-fill-the-vacancies/konkurs-na-zajnyattya-posad-derzhavnoii-sluzhbi/ | AI72: https://zakon.rada.gov.ua/laws/show/1006-2019-%D1%80#Text | AJ72: https://zakon.rada.gov.ua/laws/show/1006-2019-%D1%80#Text | AK72: https://zakon.rada.gov.ua/laws/show/1006-2019-%D1%80#Text
A73: 22 | B73: V | N73: https://ombudsman.gov.ua/ua/page/secretariat/competition-to-fill-the-vacancies/konkurs-na-zajnyattya-posad-derzhavnoii-sluzhbi/ | O73: https://boi.org.ua/media/uploads/rules_of_procedure_(ua).pdf | P73: https://zakon.rada.gov.ua/laws/show/z1400-13#Text | U73: Стаття 14. 2. До складу Комісії входять: 1) представник Верховної Ради України, визначений комітетом Верховної Ради України, до предмета відання якого належать питання державної служби; 2) представник, визначений Президентом України; 3) представник, визначений Кабінетом Міністрів України; 4) керівник центрального органу виконавчої влади, що забезпечує формування та реалізує державну політику у сфері державної служби (за посадою), або за його дорученням заступник керівника цього органу; 5) фахівець з питань управління персоналом, визначений Кабінетом Міністрів України; 6) два представники - по одному представнику від закладів вищої освіти, що здійснюють підготовку у сфері публічного управління та адміністрування, та від громадських об’єднань, обраних відповідно до порядку, затвердженого Кабінетом Міністрів України. https://zakon.rada.gov.ua/laws/show/889-19#n218 | V73: Стаття 14. 2. До складу Комісії входять: 1) представник Верховної Ради України, визначений комітетом Верховної Ради України, до предмета відання якого належать питання державної служби; 2) представник, визначений Президентом України; 3) представник, визначений Кабінетом Міністрів України; 4) керівник центрального органу виконавчої влади, що забезпечує формування та реалізує державну політику у сфері державної служби (за посадою), або за його дорученням заступник керівника цього органу; 5) фахівець з питань управління персоналом, визначений Кабінетом Міністрів України; 6) два представники - по одному представнику від закладів вищої освіти, що здійснюють підготовку у сфері публічного управління та адміністрування, та від громадських об’єднань, обраних відповідно до порядку, затвердженого Кабінетом Міністрів України. https://zakon.rada.gov.ua/laws/show/889-19#n218 | W73: Стаття 14. 2. До складу Комісії входять: 1) представник Верховної Ради України, визначений комітетом Верховної Ради України, до предмета відання якого належать питання державної служби; 2) представник, визначений Президентом України; 3) представник, визначений Кабінетом Міністрів України; 4) керівник центрального органу виконавчої влади, що забезпечує формування та реалізує державну політику у сфері державної служби (за посадою), або за його дорученням заступник керівника цього органу; 5) фахівець з питань управління персоналом, визначений Кабінетом Міністрів України; 6) два представники - по одному представнику від закладів вищої освіти, що здійснюють підготовку у сфері публічного управління та адміністрування, та від громадських об’єднань, обраних відповідно до порядку, затвердженого Кабінетом Міністрів України. https://zakon.rada.gov.ua/laws/show/889-19#n218 | X73: Стаття 14. 2. До складу Комісії входять: 1) представник Верховної Ради України, визначений комітетом Верховної Ради України, до предмета відання якого належать питання державної служби; 2) представник, визначений Президентом України; 3) представник, визначений Кабінетом Міністрів України; 4) керівник центрального органу виконавчої влади, що забезпечує формування та реалізує державну політику у сфері державної служби (за посадою), або за його дорученням заступник керівника цього органу; 5) фахівець з питань управління персоналом, визначений Кабінетом Міністрів України; 6) два представники - по одному представнику від закладів вищої освіти, що здійснюють підготовку у сфері публічного управління та адміністрування, та від громадських об’єднань, обраних відповідно до порядку, затвердженого Кабінетом Міністрів України. https://zakon.rada.gov.ua/laws/show/889-19#n218 | Y73: Стаття 14. 2. До складу Комісії входять: 1) представник Верховної Ради України, визначений комітетом Верховної Ради України, до предмета відання якого належать питання державної служби; 2) представник, визначений Президентом України; 3) представник, визначений Кабінетом Міністрів України; 4) керівник центрального органу виконавчої влади, що забезпечує формування та реалізує державну політику у сфері державної служби (за посадою), або за його дорученням заступник керівника цього органу; 5) фахівець з питань управління персоналом, визначений Кабінетом Міністрів України; 6) два представники - по одному представнику від закладів вищої освіти, що здійснюють підготовку у сфері публічного управління та адміністрування, та від громадських об’єднань, обраних відповідно до порядку, затвердженого Кабінетом Міністрів України. https://zakon.rada.gov.ua/laws/show/889-19#n218 | Z73: Стаття 14. 2. До складу Комісії входять: 1) представник Верховної Ради України, визначений комітетом Верховної Ради України, до предмета відання якого належать питання державної служби; 2) представник, визначений Президентом України; 3) представник, визначений Кабінетом Міністрів України; 4) керівник центрального органу виконавчої влади, що забезпечує формування та реалізує державну політику у сфері державної служби (за посадою), або за його дорученням заступник керівника цього органу; 5) фахівець з питань управління персоналом, визначений Кабінетом Міністрів України; 6) два представники - по одному представнику від закладів вищої освіти, що здійснюють підготовку у сфері публічного управління та адміністрування, та від громадських об’єднань, обраних відповідно до порядку, затвердженого Кабінетом Міністрів України. https://zakon.rada.gov.ua/laws/show/889-19#n218 | AA73: Стаття 14. 2. До складу Комісії входять: 1) представник Верховної Ради України, визначений комітетом Верховної Ради України, до предмета відання якого належать питання державної служби; 2) представник, визначений Президентом України; 3) представник, визначений Кабінетом Міністрів України; 4) керівник центрального органу виконавчої влади, що забезпечує формування та реалізує державну політику у сфері державної служби (за посадою), або за його дорученням заступник керівника цього органу; 5) фахівець з питань управління персоналом, визначений Кабінетом Міністрів України; 6) два представники - по одному представнику від закладів вищої освіти, що здійснюють підготовку у сфері публічного управління та адміністрування, та від громадських об’єднань, обраних відповідно до порядку, затвердженого Кабінетом Міністрів України. https://zakon.rada.gov.ua/laws/show/889-19#n218 | AB73: Стаття 14. 2. До складу Комісії входять: 1) представник Верховної Ради України, визначений комітетом Верховної Ради України, до предмета відання якого належать питання державної служби; 2) представник, визначений Президентом України; 3) представник, визначений Кабінетом Міністрів України; 4) керівник центрального органу виконавчої влади, що забезпечує формування та реалізує державну політику у сфері державної служби (за посадою), або за його дорученням заступник керівника цього органу; 5) фахівець з питань управління персоналом, визначений Кабінетом Міністрів України; 6) два представники - по одному представнику від закладів вищої освіти, що здійснюють підготовку у сфері публічного управління та адміністрування, та від громадських об’єднань, обраних відповідно до порядку, затвердженого Кабінетом Міністрів України. https://zakon.rada.gov.ua/laws/show/889-19#n218 | AC73: Стаття 14. 2. До складу Комісії входять: 1) представник Верховної Ради України, визначений комітетом Верховної Ради України, до предмета відання якого належать питання державної служби; 2) представник, визначений Президентом України; 3) представник, визначений Кабінетом Міністрів України; 4) керівник центрального органу виконавчої влади, що забезпечує формування та реалізує державну політику у сфері державної служби (за посадою), або за його дорученням заступник керівника цього органу; 5) фахівець з питань управління персоналом, визначений Кабінетом Міністрів України; 6) два представники - по одному представнику від закладів вищої освіти, що здійснюють підготовку у сфері публічного управління та адміністрування, та від громадських об’єднань, обраних відповідно до порядку, затвердженого Кабінетом Міністрів України. https://zakon.rada.gov.ua/laws/show/889-19#n218 | AD73: Стаття 14. 2. До складу Комісії входять: 1) представник Верховної Ради України, визначений комітетом Верховної Ради України, до предмета відання якого належать питання державної служби; 2) представник, визначений Президентом України; 3) представник, визначений Кабінетом Міністрів України; 4) керівник центрального органу виконавчої влади, що забезпечує формування та реалізує державну політику у сфері державної служби (за посадою), або за його дорученням заступник керівника цього органу; 5) фахівець з питань управління персоналом, визначений Кабінетом Міністрів України; 6) два представники - по одному представнику від закладів вищої освіти, що здійснюють підготовку у сфері публічного управління та адміністрування, та від громадських об’єднань, обраних відповідно до порядку, затвердженого Кабінетом Міністрів України. https://zakon.rada.gov.ua/laws/show/889-19#n218 | AE73: Стаття 14. 2. До складу Комісії входять: 1) представник Верховної Ради України, визначений комітетом Верховної Ради України, до предмета відання якого належать питання державної служби; 2) представник, визначений Президентом України; 3) представник, визначений Кабінетом Міністрів України; 4) керівник центрального органу виконавчої влади, що забезпечує формування та реалізує державну політику у сфері державної служби (за посадою), або за його дорученням заступник керівника цього органу; 5) фахівець з питань управління персоналом, визначений Кабінетом Міністрів України; 6) два представники - по одному представнику від закладів вищої освіти, що здійснюють підготовку у сфері публічного управління та адміністрування, та від громадських об’єднань, обраних відповідно до порядку, затвердженого Кабінетом Міністрів України. https://zakon.rada.gov.ua/laws/show/889-19#n218 | AF73: До комісії входять представники Ради та спеціаліст Служби управління персоналом https://ombudsman.gov.ua/ua/page/secretariat/competition-to-fill-the-vacancies/konkurs-na-zajnyattya-posad-derzhavnoii-sluzhbi/ | AG73: https://boi.org.ua/media/uploads/rules_of_procedure_(ua).pdf | AH73: До складу конкурсної комісії входять голова, секретар та члени конкурсної комісії. Головою конкурсної комісії є: у центральному апараті Національного банку України - керівник служби персоналу; у територіальних управліннях і структурних одиницях - заступник керівника територіального управління або структурної одиниці. Секретарем конкурсної комісії є працівник служби персоналу. https://zakon.rada.gov.ua/laws/show/z1400-13#Text | AI73: Стаття 14. 2. До складу Комісії входять: 1) представник Верховної Ради України, визначений комітетом Верховної Ради України, до предмета відання якого належать питання державної служби; 2) представник, визначений Президентом України; 3) представник, визначений Кабінетом Міністрів України; 4) керівник центрального органу виконавчої влади, що забезпечує формування та реалізує державну політику у сфері державної служби (за посадою), або за його дорученням заступник керівника цього органу; 5) фахівець з питань управління персоналом, визначений Кабінетом Міністрів України; 6) два представники - по одному представнику від закладів вищої освіти, що здійснюють підготовку у сфері публічного управління та адміністрування, та від громадських об’єднань, обраних відповідно до порядку, затвердженого Кабінетом Міністрів України. https://zakon.rada.gov.ua/laws/show/889-19#n218 | AJ73: Стаття 14. 2. До складу Комісії входять: 1) представник Верховної Ради України, визначений комітетом Верховної Ради України, до предмета відання якого належать питання державної служби; 2) представник, визначений Президентом України; 3) представник, визначений Кабінетом Міністрів України; 4) керівник центрального органу виконавчої влади, що забезпечує формування та реалізує державну політику у сфері державної служби (за посадою), або за його дорученням заступник керівника цього органу; 5) фахівець з питань управління персоналом, визначений Кабінетом Міністрів України; 6) два представники - по одному представнику від закладів вищої освіти, що здійснюють підготовку у сфері публічного управління та адміністрування, та від громадських об’єднань, обраних відповідно до порядку, затвердженого Кабінетом Міністрів України. https://zakon.rada.gov.ua/laws/show/889-19#n218 | AK73: Стаття 14. 2. До складу Комісії входять: 1) представник Верховної Ради України, визначений комітетом Верховної Ради України, до предмета відання якого належать питання державної служби; 2) представник, визначений Президентом України; 3) представник, визначений Кабінетом Міністрів України; 4) керівник центрального органу виконавчої влади, що забезпечує формування та реалізує державну політику у сфері державної служби (за посадою), або за його дорученням заступник керівника цього органу; 5) фахівець з питань управління персоналом, визначений Кабінетом Міністрів України; 6) два представники - по одному представнику від закладів вищої освіти, що здійснюють підготовку у сфері публічного управління та адміністрування, та від громадських об’єднань, обраних відповідно до порядку, затвердженого Кабінетом Міністрів України. https://zakon.rada.gov.ua/laws/show/889-19#n218
A74: 23 | B74: V | O74: The decision on the selected candidate is made public. However, the assessment is not made public | P74: Information about the winner of the competition is published on the page of the web-site of the National Bank of Ukraine. https://zakon.rada.gov.ua/laws/show/z1400-13#Text The winner of the competition is announced, but the score is not indicated: https://bank.gov.ua/ua/news/all/direktorom-tsentralnogo-shovischa-natsionalnogo-banku-ukrayini-priznacheno-vitaliya-brika | U74: У розділі "Протоколи засідань" на сайті НАДС: https://nads.gov.ua/vishchij-korpus-derzhavnoyi-sluzhbi/komisiya-z-pitan-vishchogo-korpusu-derzhavnoyi-sluzhbi/protokoli-zasidan | V74: У розділі "Протоколи засідань" на сайті НАДС: https://nads.gov.ua/vishchij-korpus-derzhavnoyi-sluzhbi/komisiya-z-pitan-vishchogo-korpusu-derzhavnoyi-sluzhbi/protokoli-zasidan | W74: У розділі "Протоколи засідань" на сайті НАДС: https://nads.gov.ua/vishchij-korpus-derzhavnoyi-sluzhbi/komisiya-z-pitan-vishchogo-korpusu-derzhavnoyi-sluzhbi/protokoli-zasidan | X74: У розділі "Протоколи засідань" на сайті НАДС: https://nads.gov.ua/vishchij-korpus-derzhavnoyi-sluzhbi/komisiya-z-pitan-vishchogo-korpusu-derzhavnoyi-sluzhbi/protokoli-zasidan | Y74: У розділі "Протоколи засідань" на сайті НАДС: https://nads.gov.ua/vishchij-korpus-derzhavnoyi-sluzhbi/komisiya-z-pitan-vishchogo-korpusu-derzhavnoyi-sluzhbi/protokoli-zasidan | Z74: У розділі "Протоколи засідань" на сайті НАДС: https://nads.gov.ua/vishchij-korpus-derzhavnoyi-sluzhbi/komisiya-z-pitan-vishchogo-korpusu-derzhavnoyi-sluzhbi/protokoli-zasidan | AA74: У розділі "Протоколи засідань" на сайті НАДС: https://nads.gov.ua/vishchij-korpus-derzhavnoyi-sluzhbi/komisiya-z-pitan-vishchogo-korpusu-derzhavnoyi-sluzhbi/protokoli-zasidan | AB74: У розділі "Протоколи засідань" на сайті НАДС: https://nads.gov.ua/vishchij-korpus-derzhavnoyi-sluzhbi/komisiya-z-pitan-vishchogo-korpusu-derzhavnoyi-sluzhbi/protokoli-zasidan | AC74: У розділі "Протоколи засідань" на сайті НАДС: https://nads.gov.ua/vishchij-korpus-derzhavnoyi-sluzhbi/komisiya-z-pitan-vishchogo-korpusu-derzhavnoyi-sluzhbi/protokoli-zasidan | AD74: У розділі "Протоколи засідань" на сайті НАДС: https://nads.gov.ua/vishchij-korpus-derzhavnoyi-sluzhbi/komisiya-z-pitan-vishchogo-korpusu-derzhavnoyi-sluzhbi/protokoli-zasidan | AE74: У розділі "Протоколи засідань" на сайті НАДС: https://nads.gov.ua/vishchij-korpus-derzhavnoyi-sluzhbi/komisiya-z-pitan-vishchogo-korpusu-derzhavnoyi-sluzhbi/protokoli-zasidan | AF74: Слухання та оцінка не оприлюднюються. Оприлюднюється рішення щодо обраного кандидата в розділі "Результат конкурсу" https://career.gov.ua/site/view-vacantion?id=12266 | AG74: Рішення щодо обраного кандидата оприлюднюється. Проте, оцінка не афішується https://www.kmu.gov.ua/npas/deyaki-pitannya-diyalnosti-radi-biznes-ombudsmenam210819 | AH74: 5. Інформація про переможця конкурсу оприлюднюється не пізніше трьох робочих днів після підписання протоколу засідання конкурсної комісії на відповідній сторінці Офіційного інтернет-представництва Національного банку України. https://zakon.rada.gov.ua/laws/show/z1400-13#Text Оприлюднюється переможець конкурсу, проте не вказується оцінка: https://bank.gov.ua/ua/news/all/direktorom-tsentralnogo-shovischa-natsionalnogo-banku-ukrayini-priznacheno-vitaliya-brika | AI74: У розділі "Протоколи засідань" на сайті НАДС: https://nads.gov.ua/vishchij-korpus-derzhavnoyi-sluzhbi/komisiya-z-pitan-vishchogo-korpusu-derzhavnoyi-sluzhbi/protokoli-zasidan | AJ74: У розділі "Протоколи засідань" на сайті НАДС: https://nads.gov.ua/vishchij-korpus-derzhavnoyi-sluzhbi/komisiya-z-pitan-vishchogo-korpusu-derzhavnoyi-sluzhbi/protokoli-zasidan | AK74: У розділі "Протоколи засідань" на сайті НАДС: https://nads.gov.ua/vishchij-korpus-derzhavnoyi-sluzhbi/komisiya-z-pitan-vishchogo-korpusu-derzhavnoyi-sluzhbi/protokoli-zasidan
A75: 24 | B75: V | O75: Decisions of the supervisory board are made by voting in blocks. Each block on the supervisory board has one vote. Decisions of the Supervisory Board on the election of the Business Ombudsman and each of his deputies are adopted unanimously and submitted to the Cabinet of Ministers of Ukraine for approval. | P75: https://zakon.rada.gov.ua/laws/show/z1400-13#Text | AG75: Рішення наглядової ради приймаються шляхом голосування блоками. Кожен блок у наглядовій раді має один голос. Рішення наглядової ради щодо обрання бізнес-омбудсмена та кожного з його заступників ухвалюються одноголосно та подаються Кабінетові Міністрів України для затвердження. | AH75: https://zakon.rada.gov.ua/laws/show/z1400-13#Text
A76: 25 | B76: V | P76: The Chairman of the National Bank of Ukraine is elected by the Verkhovna Rada of Ukraine on the proposal of the President of Ukraine | AH76: Голову Національного банку України обирає Верховна Рада України за поданням Президента України

Sheet categories
A1: category
A2: ID | B2: name EN | C2: short name EN | D2: name UA | E2: 1 | F2: 2 | G2: 3 | H2: 4 | I2: 5 | J2: 6 | K2: 7 | L2: 8 | M2: 9 | N2: 10 | O2: 11 | P2: 12 | Q2: 13 | R2: 14 | S2: 15 | T2: 16 | U2: 17
A3: Points
A4: I | B4: Appointment of the Governing Body and Board Members | C4: Appointment | D4: Призначення керівного органу та членів правління | E4: =SUMIFS(data!I:I,data!$D:$D,categories!$A4) -> 5 | F4: =SUMIFS(data!J:J,data!$D:$D,categories!$A4) -> 5 | G4: =SUMIFS(data!K:K,data!$D:$D,categories!$A4) -> 5 | H4: =SUMIFS(data!L:L,data!$D:$D,categories!$A4) -> 8 | I4: =SUMIFS(data!M:M,data!$D:$D,categories!$A4) -> 9 | J4: =SUMIFS(data!N:N,data!$D:$D,categories!$A4) -> 9 | K4: =SUMIFS(data!O:O,data!$D:$D,categories!$A4) -> 9 | L4: =SUMIFS(data!P:P,data!$D:$D,categories!$A4) -> 9 | M4: =SUMIFS(data!Q:Q,data!$D:$D,categories!$A4) -> 10 | N4: =SUMIFS(data!R:R,data!$D:$D,categories!$A4) -> 6 | O4: =SUMIFS(data!S:S,data!$D:$D,categories!$A4) -> 7 | P4: =SUMIFS(data!T:T,data!$D:$D,categories!$A4) -> 10 | Q4: =SUMIFS(data!U:U,data!$D:$D,categories!$A4) -> 6 | R4: =SUMIFS(data!V:V,data!$D:$D,categories!$A4) -> 10 | S4: =SUMIFS(data!W:W,data!$D:$D,categories!$A4) -> 6 | T4: =SUMIFS(data!X:X,data!$D:$D,categories!$A4) -> 9 | U4: =SUMIFS(data!Y:Y,data!$D:$D,categories!$A4) -> 5
A5: II | B5: Dismissal of Appointees | C5: Dismissal | D5: Звільнення посадових осіб | E5: =SUMIFS(data!I:I,data!$D:$D,categories!$A5) -> 4 | F5: =SUMIFS(data!J:J,data!$D:$D,categories!$A5) -> 4 | G5: =SUMIFS(data!K:K,data!$D:$D,categories!$A5) -> 4 | H5: =SUMIFS(data!L:L,data!$D:$D,categories!$A5) -> 3 | I5: =SUMIFS(data!M:M,data!$D:$D,categories!$A5) -> 3 | J5: =SUMIFS(data!N:N,data!$D:$D,categories!$A5) -> 3 | K5: =SUMIFS(data!O:O,data!$D:$D,categories!$A5) -> 3 | L5: =SUMIFS(data!P:P,data!$D:$D,categories!$A5) -> 5 | M5: =SUMIFS(data!Q:Q,data!$D:$D,categories!$A5) -> 5 | N5: =SUMIFS(data!R:R,data!$D:$D,categories!$A5) -> 4 | O5: =SUMIFS(data!S:S,data!$D:$D,categories!$A5) -> 4 | P5: =SUMIFS(data!T:T,data!$D:$D,categories!$A5) -> 4 | Q5: =SUMIFS(data!U:U,data!$D:$D,categories!$A5) -> 2 | R5: =SUMIFS(data!V:V,data!$D:$D,categories!$A5) -> 4 | S5: =SUMIFS(data!W:W,data!$D:$D,categories!$A5) -> 3 | T5: =SUMIFS(data!X:X,data!$D:$D,categories!$A5) -> 5 | U5: =SUMIFS(data!Y:Y,data!$D:$D,categories!$A5) -> 2
A6: III | B6: Sovereignty and Constitutional Basis | C6: Sovereignty | D6: Суверенітет та конституційні основи | E6: =SUMIFS(data!I:I,data!$D:$D,categories!$A6) -> 5 | F6: =SUMIFS(data!J:J,data!$D:$D,categories!$A6) -> 7 | G6: =SUMIFS(data!K:K,data!$D:$D,categories!$A6) -> 8 | H6: =SUMIFS(data!L:L,data!$D:$D,categories!$A6) -> 8 | I6: =SUMIFS(data!M:M,data!$D:$D,categories!$A6) -> 9 | J6: =SUMIFS(data!N:N,data!$D:$D,categories!$A6) -> 7 | K6: =SUMIFS(data!O:O,data!$D:$D,categories!$A6) -> 9 | L6: =SUMIFS(data!P:P,data!$D:$D,categories!$A6) -> 11 | M6: =SUMIFS(data!Q:Q,data!$D:$D,categories!$A6) -> 7 | N6: =SUMIFS(data!R:R,data!$D:$D,categories!$A6) -> 9 | O6: =SUMIFS(data!S:S,data!$D:$D,categories!$A6) -> 11 | P6: =SUMIFS(data!T:T,data!$D:$D,categories!$A6) -> 11 | Q6: =SUMIFS(data!U:U,data!$D:$D,categories!$A6) -> 6 | R6: =SUMIFS(data!V:V,data!$D:$D,categories!$A6) -> 11 | S6: =SUMIFS(data!W:W,data!$D:$D,categories!$A6) -> 8 | T6: =SUMIFS(data!X:X,data!$D:$D,categories!$A6) -> 10 | U6: =SUMIFS(data!Y:Y,data!$D:$D,categories!$A6) -> 7
A7: IV | B7: Income of Appointees and Employees | C7: Income | D7: Доходи посадових осіб та службовців | E7: =SUMIFS(data!I:I,data!$D:$D,categories!$A7) -> 2.657067 | F7: =SUMIFS(data!J:J,data!$D:$D,categories!$A7) -> 3.5543678 | G7: =SUMIFS(data!K:K,data!$D:$D,categories!$A7) -> 0 | H7: =SUMIFS(data!L:L,data!$D:$D,categories!$A7) -> 5.6284303 | I7: =SUMIFS(data!M:M,data!$D:$D,categories!$A7) -> 5.0352622 | J7: =SUMIFS(data!N:N,data!$D:$D,categories!$A7) -> 6.5126217 | K7: =SUMIFS(data!O:O,data!$D:$D,categories!$A7) -> 8.156925 | L7: =SUMIFS(data!P:P,data!$D:$D,categories!$A7) -> 5.0245168 | M7: =SUMIFS(data!Q:Q,data!$D:$D,categories!$A7) -> 1.4224802 | N7: =SUMIFS(data!R:R,data!$D:$D,categories!$A7) -> 7.4532888 | O7: =SUMIFS(data!S:S,data!$D:$D,categories!$A7) -> 6.2448938 | P7: =SUMIFS(data!T:T,data!$D:$D,categories!$A7) -> 5.3790875 | Q7: =SUMIFS(data!U:U,data!$D:$D,categories!$A7) -> 0 | R7: =SUMIFS(data!V:V,data!$D:$D,categories!$A7) -> 3.8480725 | S7: =SUMIFS(data!W:W,data!$D:$D,categories!$A7) -> 3.5578232 | T7: =SUMIFS(data!X:X,data!$D:$D,categories!$A7) -> 2.8479681 | U7: =SUMIFS(data!Y:Y,data!$D:$D,categories!$A7) -> 3.2357791
A8: V | B8: Selection process for the position of the head of institution | C8: Head selection | D8: Процес відбору на посаду керівника установи | E8: =SUMIFS(data!I:I,data!$D:$D,categories!$A8) -> 4 | F8: =SUMIFS(data!J:J,data!$D:$D,categories!$A8) -> 3.875 | G8: =SUMIFS(data!K:K,data!$D:$D,categories!$A8) -> 3.875 | H8: =SUMIFS(data!L:L,data!$D:$D,categories!$A8) -> 4 | I8: =SUMIFS(data!M:M,data!$D:$D,categories!$A8) -> 4 | J8: =SUMIFS(data!N:N,data!$D:$D,categories!$A8) -> 4 | K8: =SUMIFS(data!O:O,data!$D:$D,categories!$A8) -> 4 | L8: =SUMIFS(data!P:P,data!$D:$D,categories!$A8) -> 4 | M8: =SUMIFS(data!Q:Q,data!$D:$D,categories!$A8) -> 4 | N8: =SUMIFS(data!R:R,data!$D:$D,categories!$A8) -> 4 | O8: =SUMIFS(data!S:S,data!$D:$D,categories!$A8) -> 4 | P8: =SUMIFS(data!T:T,data!$D:$D,categories!$A8) -> 4.25 | Q8: =SUMIFS(data!U:U,data!$D:$D,categories!$A8) -> 3.5 | R8: =SUMIFS(data!V:V,data!$D:$D,categories!$A8) -> 4.125 | S8: =SUMIFS(data!W:W,data!$D:$D,categories!$A8) -> 4 | T8: =SUMIFS(data!X:X,data!$D:$D,categories!$A8) -> 4 | U8: =SUMIFS(data!Y:Y,data!$D:$D,categories!$A8) -> 4
B9: Total | E9: =SUM(E4:E8) -> 20.657067 | F9: =SUM(F4:F8) -> 23.429368 | G9: =SUM(G4:G8) -> 20.875 | H9: =SUM(H4:H8) -> 28.62843 | I9: =SUM(I4:I8) -> 30.035262 | J9: =SUM(J4:J8) -> 29.512622 | K9: =SUM(K4:K8) -> 33.156925 | L9: =SUM(L4:L8) -> 34.024517 | ... U9: =SUM(U4:U8) -> 21.235779
A11: Max points
A12: I | B12: Appointment of the Governing Body and Board Members | C12: Appointment | D12: Призначення керівного органу та членів правління | E12: {=SUM(IF(ISNUMBER(data!I$4:I$77)*(data!$D$4:$D$77=categories!$A12),IF(data!I$4=0,data!$E$4:$E$77,data!$F$4:$F$77)))} -> 13 | F12: {=SUM(IF(ISNUMBER(data!J$4:J$77)*(data!$D$4:$D$77=categories!$A12),IF(data!J$4=0,data!$E$4:$E$77,data!$F$4:$F$77)))} -> 13 | G12: {=SUM(IF(ISNUMBER(data!K$4:K$77)*(data!$D$4:$D$77=categories!$A12),IF(data!K$4=0,data!$E$4:$E$77,data!$F$4:$F$77)))} -> 13 | H12: {=SUM(IF(ISNUMBER(data!L$4:L$77)*(data!$D$4:$D$77=categories!$A12),IF(data!L$4=0,data!$E$4:$E$77,data!$F$4:$F$77)))} -> 13 | I12: {=SUM(IF(ISNUMBER(data!M$4:M$77)*(data!$D$4:$D$77=categories!$A12),IF(data!M$4=0,data!$E$4:$E$77,data!$F$4:$F$77)))} -> 13 | J12: {=SUM(IF(ISNUMBER(data!N$4:N$77)*(data!$D$4:$D$77=categories!$A12),IF(data!N$4=0,data!$E$4:$E$77,data!$F$4:$F$77)))} -> 13 | K12: {=SUM(IF(ISNUMBER(data!O$4:O$77)*(data!$D$4:$D$77=categories!$A12),IF(data!O$4=0,data!$E$4:$E$77,data!$F$4:$F$77)))} -> 13 | L12: {=SUM(IF(ISNUMBER(data!P$4:P$77)*(data!$D$4:$D$77=categories!$A12),IF(data!P$4=0,data!$E$4:$E$77,data!$F$4:$F$77)))} -> 13 | ... U12: {=SUM(IF(ISNUMBER(data!Y$4:Y$77)*(data!$D$4:$D$77=categories!$A12),IF(data!Y$4=0,data!$E$4:$E$77,data!$F$4:$F$77)))} -> 13
A13: II | B13: Dismissal of Appointees | C13: Dismissal | D13: Звільнення посадових осіб | E13: {=SUM(IF(ISNUMBER(data!I$4:I$77)*(data!$D$4:$D$77=categories!$A13),IF(data!I$4=0,data!$E$4:$E$77,data!$F$4:$F$77)))} -> 5 | F13: {=SUM(IF(ISNUMBER(data!J$4:J$77)*(data!$D$4:$D$77=categories!$A13),IF(data!J$4=0,data!$E$4:$E$77,data!$F$4:$F$77)))} -> 5 | G13: {=SUM(IF(ISNUMBER(data!K$4:K$77)*(data!$D$4:$D$77=categories!$A13),IF(data!K$4=0,data!$E$4:$E$77,data!$F$4:$F$77)))} -> 5 | H13: {=SUM(IF(ISNUMBER(data!L$4:L$77)*(data!$D$4:$D$77=categories!$A13),IF(data!L$4=0,data!$E$4:$E$77,data!$F$4:$F$77)))} -> 5 | I13: {=SUM(IF(ISNUMBER(data!M$4:M$77)*(data!$D$4:$D$77=categories!$A13),IF(data!M$4=0,data!$E$4:$E$77,data!$F$4:$F$77)))} -> 5 | J13: {=SUM(IF(ISNUMBER(data!N$4:N$77)*(data!$D$4:$D$77=categories!$A13),IF(data!N$4=0,data!$E$4:$E$77,data!$F$4:$F$77)))} -> 5 | K13: {=SUM(IF(ISNUMBER(data!O$4:O$77)*(data!$D$4:$D$77=categories!$A13),IF(data!O$4=0,data!$E$4:$E$77,data!$F$4:$F$77)))} -> 5 | L13: {=SUM(IF(ISNUMBER(data!P$4:P$77)*(data!$D$4:$D$77=categories!$A13),IF(data!P$4=0,data!$E$4:$E$77,data!$F$4:$F$77)))} -> 5 | ... U13: {=SUM(IF(ISNUMBER(data!Y$4:Y$77)*(data!$D$4:$D$77=categories!$A13),IF(data!Y$4=0,data!$E$4:$E$77,data!$F$4:$F$77)))} -> 5
A14: III | B14: Sovereignty and Constitutional Basis | C14: Sovereignty | D14: Суверенітет та конституційні основи | E14: {=SUM(IF(ISNUMBER(data!I$4:I$77)*(data!$D$4:$D$77=categories!$A14),IF(data!I$4=0,data!$E$4:$E$77,data!$F$4:$F$77)))} -> 14 | F14: {=SUM(IF(ISNUMBER(data!J$4:J$77)*(data!$D$4:$D$77=categories!$A14),IF(data!J$4=0,data!$E$4:$E$77,data!$F$4:$F$77)))} -> 14 | G14: {=SUM(IF(ISNUMBER(data!K$4:K$77)*(data!$D$4:$D$77=categories!$A14),IF(data!K$4=0,data!$E$4:$E$77,data!$F$4:$F$77)))} -> 14 | H14: {=SUM(IF(ISNUMBER(data!L$4:L$77)*(data!$D$4:$D$77=categories!$A14),IF(data!L$4=0,data!$E$4:$E$77,data!$F$4:$F$77)))} -> 14 | I14: {=SUM(IF(ISNUMBER(data!M$4:M$77)*(data!$D$4:$D$77=categories!$A14),IF(data!M$4=0,data!$E$4:$E$77,data!$F$4:$F$77)))} -> 14 | J14: {=SUM(IF(ISNUMBER(data!N$4:N$77)*(data!$D$4:$D$77=categories!$A14),IF(data!N$4=0,data!$E$4:$E$77,data!$F$4:$F$77)))} -> 14 | K14: {=SUM(IF(ISNUMBER(data!O$4:O$77)*(data!$D$4:$D$77=categories!$A14),IF(data!O$4=0,data!$E$4:$E$77,data!$F$4:$F$77)))} -> 14 | L14: {=SUM(IF(ISNUMBER(data!P$4:P$77)*(data!$D$4:$D$77=categories!$A14),IF(data!P$4=0,data!$E$4:$E$77,data!$F$4:$F$77)))} -> 14 | ... U14: {=SUM(IF(ISNUMBER(data!Y$4:Y$77)*(data!$D$4:$D$77=categories!$A14),IF(data!Y$4=0,data!$E$4:$E$77,data!$F$4:$F$77)))} -> 14
A15: IV | B15: Income of Appointees and Employees | C15: Income | D15: Доходи посадових осіб та службовців | E15: {=SUM(IF(ISNUMBER(data!I$4:I$77)*(data!$D$4:$D$77=categories!$A15),IF(data!I$4=0,data!$E$4:$E$77,data!$F$4:$F$77)))} -> 8 | F15: {=SUM(IF(ISNUMBER(data!J$4:J$77)*(data!$D$4:$D$77=categories!$A15),IF(data!J$4=0,data!$E$4:$E$77,data!$F$4:$F$77)))} -> 10 | G15: {=SUM(IF(ISNUMBER(data!K$4:K$77)*(data!$D$4:$D$77=categories!$A15),IF(data!K$4=0,data!$E$4:$E$77,data!$F$4:$F$77)))} -> 5 | H15: {=SUM(IF(ISNUMBER(data!L$4:L$77)*(data!$D$4:$D$77=categories!$A15),IF(data!L$4=0,data!$E$4:$E$77,data!$F$4:$F$77)))} -> 10 | I15: {=SUM(IF(ISNUMBER(data!M$4:M$77)*(data!$D$4:$D$77=categories!$A15),IF(data!M$4=0,data!$E$4:$E$77,data!$F$4:$F$77)))} -> 9 | J15: {=SUM(IF(ISNUMBER(data!N$4:N$77)*(data!$D$4:$D$77=categories!$A15),IF(data!N$4=0,data!$E$4:$E$77,data!$F$4:$F$77)))} -> 9 | K15: {=SUM(IF(ISNUMBER(data!O$4:O$77)*(data!$D$4:$D$77=categories!$A15),IF(data!O$4=0,data!$E$4:$E$77,data!$F$4:$F$77)))} -> 10 | L15: {=SUM(IF(ISNUMBER(data!P$4:P$77)*(data!$D$4:$D$77=categories!$A15),IF(data!P$4=0,data!$E$4:$E$77,data!$F$4:$F$77)))} -> 8 | ... U15: {=SUM(IF(ISNUMBER(data!Y$4:Y$77)*(data!$D$4:$D$77=categories!$A15),IF(data!Y$4=0,data!$E$4:$E$77,data!$F$4:$F$77)))} -> 9
A16: V | B16: Selection process for the position of the head of institution | C16: Head selection | D16: Процес відбору на посаду керівника установи | E16: {=SUM(IF(ISNUMBER(data!I$4:I$77)*(data!$D$4:$D$77=categories!$A16),IF(data!I$4=0,data!$E$4:$E$77,data!$F$4:$F$77)))} -> 6 | F16: {=SUM(IF(ISNUMBER(data!J$4:J$77)*(data!$D$4:$D$77=categories!$A16),IF(data!J$4=0,data!$E$4:$E$77,data!$F$4:$F$77)))} -> 6 | G16: {=SUM(IF(ISNUMBER(data!K$4:K$77)*(data!$D$4:$D$77=categories!$A16),IF(data!K$4=0,data!$E$4:$E$77,data!$F$4:$F$77)))} -> 6 | H16: {=SUM(IF(ISNUMBER(data!L$4:L$77)*(data!$D$4:$D$77=categories!$A16),IF(data!L$4=0,data!$E$4:$E$77,data!$F$4:$F$77)))} -> 6 | I16: {=SUM(IF(ISNUMBER(data!M$4:M$77)*(data!$D$4:$D$77=categories!$A16),IF(data!M$4=0,data!$E$4:$E$77,data!$F$4:$F$77)))} -> 6 | J16: {=SUM(IF(ISNUMBER(data!N$4:N$77)*(data!$D$4:$D$77=categories!$A16),IF(data!N$4=0,data!$E$4:$E$77,data!$F$4:$F$77)))} -> 6 | K16: {=SUM(IF(ISNUMBER(data!O$4:O$77)*(data!$D$4:$D$77=categories!$A16),IF(data!O$4=0,data!$E$4:$E$77,data!$F$4:$F$77)))} -> 6 | L16: {=SUM(IF(ISNUMBER(data!P$4:P$77)*(data!$D$4:$D$77=categories!$A16),IF(data!P$4=0,data!$E$4:$E$77,data!$F$4:$F$77)))} -> 6 | ... U16: {=SUM(IF(ISNUMBER(data!Y$4:Y$77)*(data!$D$4:$D$77=categories!$A16),IF(data!Y$4=0,data!$E$4:$E$77,data!$F$4:$F$77)))} -> 6
B17: Total | E17: =SUM(E12:E16) -> 46 | F17: =SUM(F12:F16) -> 48 | G17: =SUM(G12:G16) -> 43 | H17: =SUM(H12:H16) -> 48 | I17: =SUM(I12:I16) -> 47 | J17: =SUM(J12:J16) -> 47 | K17: =SUM(K12:K16) -> 48 | L17: =SUM(L12:L16) -> 46 | ... U17: =SUM(U12:U16) -> 47
A19: Rating
A20: I | B20: Appointment of the Governing Body and Board Members | C20: Appointment | D20: Призначення керівного органу та членів правління | E20: =E4/E12 -> 0.38461538 | F20: =F4/F12 -> 0.38461538 | G20: =G4/G12 -> 0.38461538 | H20: =H4/H12 -> 0.61538462 | I20: =I4/I12 -> 0.69230769 | J20: =J4/J12 -> 0.69230769 | K20: =K4/K12 -> 0.69230769 | L20: =L4/L12 -> 0.69230769 | ... U20: =U4/U12 -> 0.38461538
A21: II | B21: Dismissal of Appointees | C21: Dismissal | D21: Звільнення посадових осіб | E21: =E5/E13 -> 0.8 | F21: =F5/F13 -> 0.8 | G21: =G5/G13 -> 0.8 | H21: =H5/H13 -> 0.6 | I21: =I5/I13 -> 0.6 | J21: =J5/J13 -> 0.6 | K21: =K5/K13 -> 0.6 | L21: =L5/L13 -> 1 | ... U21: =U5/U13 -> 0.4
A22: III | B22: Sovereignty and Constitutional Basis | C22: Sovereignty | D22: Суверенітет та конституційні основи | E22: =E6/E14 -> 0.35714286 | F22: =F6/F14 -> 0.5 | G22: =G6/G14 -> 0.57142857 | H22: =H6/H14 -> 0.57142857 | I22: =I6/I14 -> 0.64285714 | J22: =J6/J14 -> 0.5 | K22: =K6/K14 -> 0.64285714 | L22: =L6/L14 -> 0.78571429 | ... U22: =U6/U14 -> 0.5
A23: IV | B23: Income of Appointees and Employees | C23: Income | D23: Доходи посадових осіб та службовців | E23: =E7/E15 -> 0.33213338 | F23: =F7/F15 -> 0.35543678 | G23: =G7/G15 -> 0 | H23: =H7/H15 -> 0.56284303 | I23: =I7/I15 -> 0.55947358 | J23: =J7/J15 -> 0.72362463 | K23: =K7/K15 -> 0.8156925 | L23: =L7/L15 -> 0.6280646 | ... U23: =U7/U15 -> 0.35953101
A24: V | B24: Selection process for the position of the head of institution | C24: Head selection | D24: Процес відбору на посаду керівника установи | E24: =E8/E16 -> 0.66666667 | F24: =F8/F16 -> 0.64583333 | G24: =G8/G16 -> 0.64583333 | H24: =H8/H16 -> 0.66666667 | I24: =I8/I16 -> 0.66666667 | J24: =J8/J16 -> 0.66666667 | K24: =K8/K16 -> 0.66666667 | L24: =L8/L16 -> 0.66666667 | ... U24: =U8/U16 -> 0.66666667
B25: Total | E25: =E9/E17 -> 0.44906667 | F25: =F9/F17 -> 0.48811183 | G25: =G9/G17 -> 0.48546512 | H25: =H9/H17 -> 0.59642563 | I25: =I9/I17 -> 0.63904813 | J25: =J9/J17 -> 0.62792812 | K25: =K9/K17 -> 0.69076927 | L25: =L9/L17 -> 0.73966341 | ... U25: =U9/U17 -> 0.45182509
B27: rank | E27: =RANK(E25,$E25:$U25) -> 16 | F27: =RANK(F25,$E25:$U25) -> 13 | G27: =RANK(G25,$E25:$U25) -> 14 | H27: =RANK(H25,$E25:$U25) -> 11 | I27: =RANK(I25,$E25:$U25) -> 8 | J27: =RANK(J25,$E25:$U25) -> 9 | K27: =RANK(K25,$E25:$U25) -> 4 | L27: =RANK(L25,$E25:$U25) -> 1 | ... U27: =RANK(U25,$E25:$U25) -> 15

Sheet ranking
A1: # | B1: institution | E1: categories | J1: Overall
E2: I | F2: II | G2: III | H2: IV | I2: V
B3: ID | C3: name EN | D3: name UA | E3: =INDEX(categories!$C:$C,MATCH(ranking!E2,categories!$A:$A,0)) -> Appointment | F3: =INDEX(categories!$C:$C,MATCH(ranking!F2,categories!$A:$A,0)) -> Dismissal | G3: =INDEX(categories!$C:$C,MATCH(ranking!G2,categories!$A:$A,0)) -> Sovereignty | H3: =INDEX(categories!$C:$C,MATCH(ranking!H2,categories!$A:$A,0)) -> Income | I3: =INDEX(categories!$C:$C,MATCH(ranking!I2,categories!$A:$A,0)) -> Head selection
A4: 1 | B4: =INDEX(categories!$2:$2,MATCH(ranking!A4,categories!$27:$27,0)) -> 8 | C4: =INDEX(institutions!B:B,MATCH(ranking!B4,institutions!A:A,0)) -> Prosecutor General’s Office | D4: =INDEX(institutions!C:C,MATCH(ranking!B4,institutions!A:A,0)) -> Офіс Генерального прокурора | E4: =INDEX(categories!E$20:U$20,MATCH(ranking!B4,categories!E$2:U$2,0)) -> 0.69230769 | F4: =INDEX(categories!E$21:U$21,MATCH(ranking!B4,categories!E$2:U$2,0)) -> 1 | G4: =INDEX(categories!E$22:U$22,MATCH(ranking!B4,categories!E$2:U$2,0)) -> 0.78571429 | H4: =INDEX(categories!E$23:U$23,MATCH(ranking!B4,categories!E$2:U$2,0)) -> 0.6280646 | I4: =INDEX(categories!E$24:U$24,MATCH(ranking!B4,categories!E$2:U$2,0)) -> 0.66666667 | J4: =INDEX(categories!E$25:U$25,MATCH(ranking!B4,categories!E$2:U$2,0)) -> 0.73966341 | K4: =J4 -> 0.73966341
A5: 2 | B5: =INDEX(categories!$2:$2,MATCH(ranking!A5,categories!$27:$27,0)) -> 12 | C5: =INDEX(institutions!B:B,MATCH(ranking!B5,institutions!A:A,0)) -> Ukrainian Parliament Commissioner for Human Rights | D5: =INDEX(institutions!C:C,MATCH(ranking!B5,institutions!A:A,0)) -> Уповноважений Верховної Ради України з прав людини | E5: =INDEX(categories!E$20:U$20,MATCH(ranking!B5,categories!E$2:U$2,0)) -> 0.76923077 | F5: =INDEX(categories!E$21:U$21,MATCH(ranking!B5,categories!E$2:U$2,0)) -> 0.8 | G5: =INDEX(categories!E$22:U$22,MATCH(ranking!B5,categories!E$2:U$2,0)) -> 0.78571429 | H5: =INDEX(categories!E$23:U$23,MATCH(ranking!B5,categories!E$2:U$2,0)) -> 0.59767639 | I5: =INDEX(categories!E$24:U$24,MATCH(ranking!B5,categories!E$2:U$2,0)) -> 0.70833333 | J5: =INDEX(categories!E$25:U$25,MATCH(ranking!B5,categories!E$2:U$2,0)) -> 0.7367891 | K5: =J5 -> 0.7367891
A6: 3 | B6: =INDEX(categories!$2:$2,MATCH(ranking!A6,categories!$27:$27,0)) -> 14 | C6: =INDEX(institutions!B:B,MATCH(ranking!B6,institutions!A:A,0)) -> National Bank of Ukraine | D6: =INDEX(institutions!C:C,MATCH(ranking!B6,institutions!A:A,0)) -> Національний банк України | E6: =INDEX(categories!E$20:U$20,MATCH(ranking!B6,categories!E$2:U$2,0)) -> 0.76923077 | F6: =INDEX(categories!E$21:U$21,MATCH(ranking!B6,categories!E$2:U$2,0)) -> 0.8 | G6: =INDEX(categories!E$22:U$22,MATCH(ranking!B6,categories!E$2:U$2,0)) -> 0.78571429 | H6: =INDEX(categories!E$23:U$23,MATCH(ranking!B6,categories!E$2:U$2,0)) -> 0.54972464 | I6: =INDEX(categories!E$24:U$24,MATCH(ranking!B6,categories!E$2:U$2,0)) -> 0.6875 | J6: =INDEX(categories!E$25:U$25,MATCH(ranking!B6,categories!E$2:U$2,0)) -> 0.73273494 | K6: =J6 -> 0.73273494
A7: 4 | B7: =INDEX(categories!$2:$2,MATCH(ranking!A7,categories!$27:$27,0)) -> 7 | C7: =INDEX(institutions!B:B,MATCH(ranking!B7,institutions!A:A,0)) -> National Anti-corruption Bureau of Ukraine | D7: =INDEX(institutions!C:C,MATCH(ranking!B7,institutions!A:A,0)) -> Національне антикорупційне бюро України | E7: =INDEX(categories!E$20:U$20,MATCH(ranking!B7,categories!E$2:U$2,0)) -> 0.69230769 | F7: =INDEX(categories!E$21:U$21,MATCH(ranking!B7,categories!E$2:U$2,0)) -> 0.6 | G7: =INDEX(categories!E$22:U$22,MATCH(ranking!B7,categories!E$2:U$2,0)) -> 0.64285714 | H7: =INDEX(categories!E$23:U$23,MATCH(ranking!B7,categories!E$2:U$2,0)) -> 0.8156925 | I7: =INDEX(categories!E$24:U$24,MATCH(ranking!B7,categories!E$2:U$2,0)) -> 0.66666667 | J7: =INDEX(categories!E$25:U$25,MATCH(ranking!B7,categories!E$2:U$2,0)) -> 0.69076927 | K7: =J7 -> 0.69076927
A8: 5 | B8: =INDEX(categories!$2:$2,MATCH(ranking!A8,categories!$27:$27,0)) -> 11 | C8: =INDEX(institutions!B:B,MATCH(ranking!B8,institutions!A:A,0)) -> Constitutional Court of Ukraine | D8: =INDEX(institutions!C:C,MATCH(ranking!B8,institutions!A:A,0)) -> Конституційний Суд України | E8: =INDEX(categories!E$20:U$20,MATCH(ranking!B8,categories!E$2:U$2,0)) -> 0.53846154 | F8: =INDEX(categories!E$21:U$21,MATCH(ranking!B8,categories!E$2:U$2,0)) -> 0.8 | G8: =INDEX(categories!E$22:U$22,MATCH(ranking!B8,categories!E$2:U$2,0)) -> 0.78571429 | H8: =INDEX(categories!E$23:U$23,MATCH(ranking!B8,categories!E$2:U$2,0)) -> 0.69387709 | I8: =INDEX(categories!E$24:U$24,MATCH(ranking!B8,categories!E$2:U$2,0)) -> 0.66666667 | J8: =INDEX(categories!E$25:U$25,MATCH(ranking!B8,categories!E$2:U$2,0)) -> 0.68606157 | K8: =J8 -> 0.68606157
A9: 6 | B9: =INDEX(categories!$2:$2,MATCH(ranking!A9,categories!$27:$27,0)) -> 16 | C9: =INDEX(institutions!B:B,MATCH(ranking!B9,institutions!A:A,0)) -> Pension Fund of Ukraine | D9: =INDEX(institutions!C:C,MATCH(ranking!B9,institutions!A:A,0)) -> Пенсійний фонд України | E9: =INDEX(categories!E$20:U$20,MATCH(ranking!B9,categories!E$2:U$2,0)) -> 0.69230769 | F9: =INDEX(categories!E$21:U$21,MATCH(ranking!B9,categories!E$2:U$2,0)) -> 1 | G9: =INDEX(categories!E$22:U$22,MATCH(ranking!B9,categories!E$2:U$2,0)) -> 0.71428571 | H9: =INDEX(categories!E$23:U$23,MATCH(ranking!B9,categories!E$2:U$2,0)) -> 0.31644089 | I9: =INDEX(categories!E$24:U$24,MATCH(ranking!B9,categories!E$2:U$2,0)) -> 0.66666667 | J9: =INDEX(categories!E$25:U$25,MATCH(ranking!B9,categories!E$2:U$2,0)) -> 0.65633975 | K9: =J9 -> 0.65633975
A10: 7 | B10: =INDEX(categories!$2:$2,MATCH(ranking!A10,categories!$27:$27,0)) -> 10 | C10: =INDEX(institutions!B:B,MATCH(ranking!B10,institutions!A:A,0)) -> Supreme Court | D10: =INDEX(institutions!C:C,MATCH(ranking!B10,institutions!A:A,0)) -> Верховний Суд | E10: =INDEX(categories!E$20:U$20,MATCH(ranking!B10,categories!E$2:U$2,0)) -> 0.46153846 | F10: =INDEX(categories!E$21:U$21,MATCH(ranking!B10,categories!E$2:U$2,0)) -> 0.8 | G10: =INDEX(categories!E$22:U$22,MATCH(ranking!B10,categories!E$2:U$2,0)) -> 0.64285714 | H10: =INDEX(categories!E$23:U$23,MATCH(ranking!B10,categories!E$2:U$2,0)) -> 0.8281432 | I10: =INDEX(categories!E$24:U$24,MATCH(ranking!B10,categories!E$2:U$2,0)) -> 0.66666667 | J10: =INDEX(categories!E$25:U$25,MATCH(ranking!B10,categories!E$2:U$2,0)) -> 0.64794232 | K10: =J10 -> 0.64794232
A11: 8 | B11: =INDEX(categories!$2:$2,MATCH(ranking!A11,categories!$27:$27,0)) -> 5 | C11: =INDEX(institutions!B:B,MATCH(ranking!B11,institutions!A:A,0)) -> National Commission for State Regulation of Energy and Utilities | D11: =INDEX(institutions!C:C,MATCH(ranking!B11,institutions!A:A,0)) -> Національна комісія, що здійснює державне регулювання у сферах енергетики та комунальних послуг | E11: =INDEX(categories!E$20:U$20,MATCH(ranking!B11,categories!E$2:U$2,0)) -> 0.69230769 | F11: =INDEX(categories!E$21:U$21,MATCH(ranking!B11,categories!E$2:U$2,0)) -> 0.6 | G11: =INDEX(categories!E$22:U$22,MATCH(ranking!B11,categories!E$2:U$2,0)) -> 0.64285714 | H11: =INDEX(categories!E$23:U$23,MATCH(ranking!B11,categories!E$2:U$2,0)) -> 0.55947358 | I11: =INDEX(categories!E$24:U$24,MATCH(ranking!B11,categories!E$2:U$2,0)) -> 0.66666667 | J11: =INDEX(categories!E$25:U$25,MATCH(ranking!B11,categories!E$2:U$2,0)) -> 0.63904813 | K11: =J11 -> 0.63904813
A12: 9 | B12: =INDEX(categories!$2:$2,MATCH(ranking!A12,categories!$27:$27,0)) -> 6 | C12: =INDEX(institutions!B:B,MATCH(ranking!B12,institutions!A:A,0)) -> National Agency on Corruption Prevention | D12: =INDEX(institutions!C:C,MATCH(ranking!B12,institutions!A:A,0)) -> Національне агентство з питань запобігання корупції | E12: =INDEX(categories!E$20:U$20,MATCH(ranking!B12,categories!E$2:U$2,0)) -> 0.69230769 | F12: =INDEX(categories!E$21:U$21,MATCH(ranking!B12,categories!E$2:U$2,0)) -> 0.6 | G12: =INDEX(categories!E$22:U$22,MATCH(ranking!B12,categories!E$2:U$2,0)) -> 0.5 | H12: =INDEX(categories!E$23:U$23,MATCH(ranking!B12,categories!E$2:U$2,0)) -> 0.72362463 | I12: =INDEX(categories!E$24:U$24,MATCH(ranking!B12,categories!E$2:U$2,0)) -> 0.66666667 | J12: =INDEX(categories!E$25:U$25,MATCH(ranking!B12,categories!E$2:U$2,0)) -> 0.62792812 | K12: =J12 -> 0.62792812
A13: 10 | B13: =INDEX(categories!$2:$2,MATCH(ranking!A13,categories!$27:$27,0)) -> 9 | C13: =INDEX(institutions!B:B,MATCH(ranking!B13,institutions!A:A,0)) -> National police of Ukraine | D13: =INDEX(institutions!C:C,MATCH(ranking!B13,institutions!A:A,0)) -> Національна поліція України | E13: =INDEX(categories!E$20:U$20,MATCH(ranking!B13,categories!E$2:U$2,0)) -> 0.76923077 | F13: =INDEX(categories!E$21:U$21,MATCH(ranking!B13,categories!E$2:U$2,0)) -> 1 | G13: =INDEX(categories!E$22:U$22,MATCH(ranking!B13,categories!E$2:U$2,0)) -> 0.5 | H13: =INDEX(categories!E$23:U$23,MATCH(ranking!B13,categories!E$2:U$2,0)) -> 0.20321146 | I13: =INDEX(categories!E$24:U$24,MATCH(ranking!B13,categories!E$2:U$2,0)) -> 0.66666667 | J13: =INDEX(categories!E$25:U$25,MATCH(ranking!B13,categories!E$2:U$2,0)) -> 0.60938845 | K13: =J13 -> 0.60938845
A14: 11 | B14: =INDEX(categories!$2:$2,MATCH(ranking!A14,categories!$27:$27,0)) -> 4 | C14: =INDEX(institutions!B:B,MATCH(ranking!B14,institutions!A:A,0)) -> Antimonopoly Committee of Ukraine | D14: =INDEX(institutions!C:C,MATCH(ranking!B14,institutions!A:A,0)) -> Антимонопольний комітет України | E14: =INDEX(categories!E$20:U$20,MATCH(ranking!B14,categories!E$2:U$2,0)) -> 0.61538462 | F14: =INDEX(categories!E$21:U$21,MATCH(ranking!B14,categories!E$2:U$2,0)) -> 0.6 | G14: =INDEX(categories!E$22:U$22,MATCH(ranking!B14,categories!E$2:U$2,0)) -> 0.57142857 | H14: =INDEX(categories!E$23:U$23,MATCH(ranking!B14,categories!E$2:U$2,0)) -> 0.56284303 | I14: =INDEX(categories!E$24:U$24,MATCH(ranking!B14,categories!E$2:U$2,0)) -> 0.66666667 | J14: =INDEX(categories!E$25:U$25,MATCH(ranking!B14,categories!E$2:U$2,0)) -> 0.59642563 | K14: =J14 -> 0.59642563
A15: 12 | B15: =INDEX(categories!$2:$2,MATCH(ranking!A15,categories!$27:$27,0)) -> 15 | C15: =INDEX(institutions!B:B,MATCH(ranking!B15,institutions!A:A,0)) -> State Property Fund of Ukraine | D15: =INDEX(institutions!C:C,MATCH(ranking!B15,institutions!A:A,0)) -> Фонд державного майна України | E15: =INDEX(categories!E$20:U$20,MATCH(ranking!B15,categories!E$2:U$2,0)) -> 0.46153846 | F15: =INDEX(categories!E$21:U$21,MATCH(ranking!B15,categories!E$2:U$2,0)) -> 0.6 | G15: =INDEX(categories!E$22:U$22,MATCH(ranking!B15,categories!E$2:U$2,0)) -> 0.57142857 | H15: =INDEX(categories!E$23:U$23,MATCH(ranking!B15,categories!E$2:U$2,0)) -> 0.39531369 | I15: =INDEX(categories!E$24:U$24,MATCH(ranking!B15,categories!E$2:U$2,0)) -> 0.66666667 | J15: =INDEX(categories!E$25:U$25,MATCH(ranking!B15,categories!E$2:U$2,0)) -> 0.52250688 | K15: =J15 -> 0.52250688
... A20: 17 | B20: =INDEX(categories!$2:$2,MATCH(ranking!A20,categories!$27:$27,0)) -> 13 | C20: =INDEX(institutions!B:B,MATCH(ranking!B20,institutions!A:A,0)) -> Business Ombudsman Council | D20: =INDEX(institutions!C:C,MATCH(ranking!B20,institutions!A:A,0)) -> Рада бізнес-омбудсмена | E20: =INDEX(categories!E$20:U$20,MATCH(ranking!B20,categories!E$2:U$2,0)) -> 0.46153846 | F20: =INDEX(categories!E$21:U$21,MATCH(ranking!B20,categories!E$2:U$2,0)) -> 0.4 | G20: =INDEX(categories!E$22:U$22,MATCH(ranking!B20,categories!E$2:U$2,0)) -> 0.42857143 | H20: =INDEX(categories!E$23:U$23,MATCH(ranking!B20,categories!E$2:U$2,0)) -> 0 | I20: =INDEX(categories!E$24:U$24,MATCH(ranking!B20,categories!E$2:U$2,0)) -> 0.58333333 | J20: =INDEX(categories!E$25:U$25,MATCH(ranking!B20,categories!E$2:U$2,0)) -> 0.40697674 | K20: =J20 -> 0.40697674
